Workbook

Sheet PO - REFERENCIAL (2026)
B7: PO - PLANILHA ORÇAMENTARIA
B8: Orçamento Base para Licitação
B10: AÇÃO / MODALIDADE | F10: OBJETO
B11: Projeto Padrão FNDE - Quadra coberta com vestiario (PAC 2 - 001/2013) | F11: Repactuação de obra inacabada - CONSTRUÇÃO DE QUADRA COBERTA COM VESTIARIOS - EMEB MARIA FERNANDA LOPES PIFFER
Q13: PLANILHA ORÇAMENTÁRIA DE REPACTUAÇÃO DE OBRA INACABADA
B14: PREPONENTE / TOMADOR | G14: LOCALIDADE / ENDEREÇO
B15: PREFEITURA MUNICIPAL DE BEBEDOURO SP | G15: RUA DANTE CASSANO, Nº 2736 - RESIDENCIAL ANTONIA SANTAELLA, CEP 14.711-351
B17: SINAPI - Sistema Nacional de Pesquisa de Custos e Índices da Construção Civil | L17: VALOR FNDE | O17: 536881 | S17: SiNAPi - 01/2024 | T17: BDI = 27,0000%
B18: RELATÓRIO DE CUSTOS DE COMPOSIÇÕES | H18: Mês de Referência: 06/2026 | L18: SALDO DISPONIVEL NA CONTA BANCARIA | O18: 27877.79 | S18: ENVIO EM 23/01/2025 | T18: 622167.09
B19: Localidade: SAO PAULO - SP | F19: Data de emissão: 10/07/2026 | L19: VALOR CONTRAPARTIDA | O19: =O20-(O17+O18) -> 257592.84
B20: BDI SEM desoneração (Fórmula Acórdão TCU): | G20: 0.27 | L20: VALOR TOTAL DA OBRA | O20: =SUM(O28:O283)/2 -> 822351.63
L21: https://www.caixa.gov.br/site/Paginas/downloads.aspx#categoria_888
Q26: SERVIÇOS DA NOVA PACTUAÇÃO
B27: Código | C27: Descrição da Composição | K27: Unid. | L27: COM desoneração | M27: QUANT. | N27: BDI % | O27: VALOR TOTAL + BDI | Q27: CÓDIGO | R27: FONTE | S27: DESCRIÇÃO DOS SERVIÇOS | T27: UNID. | U27: QUANT. | V27: $ UNIT. S/ BDI | W27: $ UNIT. C/ BDI | X27: VALOR TOTAL
B28: 1.00 | C28: SERVIÇO PRELIMINARES | O28: =SUM(O29:O39) -> 70984.839 | Q28: =B28 -> 1.00 | S28: =C28 -> SERVIÇO PRELIMINARES
B29: 103689 | C29: FORNECIMENTO E INSTALAÇÃO DE PLACA DE OBRA COM CHAPA GALVANIZADA E ESTRUTURA DE MADEIRA. AF_03/2022_PS | K29: m2 | L29: 505.63 | M29: 10 | N29: 0.27 | O29: =M29*(L29*N29+L29) -> 6421.501 | Q29: 103689 | R29: SINAPI | S29: FORNECIMENTO E INSTALAÇÃO DE PLACA DE OBRA COM CHAPA GALVANIZADA E ESTRUTURA DE MADEIRA. AF_03/2022_PS | T29: M2 | U29: 10 | V29: 315.25 | W29: 400.37 | X29: =U29*W29 -> 4003.7
B30: 98458 | C30: TAPUME COM COMPENSADO DE MADEIRA. AF_03/2024 | K30: m2 | L30: 97.86 | M30: 312.4 | N30: 0.27 | O30: =M30*(L30*N30+L30) -> 38825.759 | Q30: 98458 | R30: SINAPI | S30: TAPUME COM COMPENSADO DE MADEIRA. AF_05/2018 | T30: M2 | U30: 312.4 | V30: 152.03 | W30: 193.08 | X30: =U30*W30 -> 60318.192
B31: 98455 | C31: PAREDE DE MADEIRA COMPENSADA PARA CONSTRUÇÃO TEMPORÁRIA EM CHAPA DUPLA | K31: m2 | L31: 121.08 | M31: 54 | N31: 0.27 | O31: =M31*(L31*N31+L31) -> 8303.6664 | Q31: 93207 | R31: SINAPI | S31: EXECUÇÃO DE ESCRITÓRIO EM CANTEIRO DE OBRA EM CHAPA DE MADEIRA COMPENSADA, NÃO INCLUSO MOBILIÁRIO E EQUIPAMENTOS. AF_02/2016 | T31: M2 | U31: 20 | V31: 1228.65 | W31: 1560.39 | X31: =U31*W31 -> 31207.8
B32: 98460 | C32: PISO PARA CONSTRUÇÃO TEMPORÁRIA EM MADEIRA, SEM REAPROVEITAMENTO. AF_03/2024 | K32: m2 | L32: 73.49 | M32: 20 | N32: 0.27 | O32: =M32*(L32*N32+L32) -> 1866.646
B33: 94207 | C33: TELHAMENTO COM TELHA ONDULADA DE FIBROCIMENTO E = 6 MM, COM RECOBRIMENTO LATERAL DE 1/4 DE ONDA PARA TELHADO COM INCLINAÇÃO MAIOR QUE 10°, COM ATÉ 2 ÁGUAS, INCLUSO IÇAMENTO. AF_07/2019 | K33: m2 | L33: 47.55 | M33: 30 | N33: 0.27 | O33: =M33*(L33*N33+L33) -> 1811.655
C34: Locação de construção de edificação com gabarito de madeira | K34: m2 | L34: 0 | M34: 0 | N34: 0.27 | O34: =M34*(L34*N34+L34) -> 0 | Q34: 74077/3 | R34: SINAPI | S34: Locação de construção de edificação com gabarito de madeira | T34: M2 | U34: 0 | V34: 0 | W34: 0 | X34: =U34*W34 -> 0
B35: 101512 | C35: ENTRADA DE ENERGIA ELÉTRICA, AÉREA, TRIFÁSICA, COM CAIXA DE EMBUTIR, CABO DE 35 MM2 E DISJUNTOR DIN 50A (NÃO INCLUSO O POSTE DE CONCRETO). AF_07/2020 | K35: Unid. | L35: 2848.49 | M35: 1 | N35: 0.27 | O35: =M35*(L35*N35+L35) -> 3617.5823 | Q35: 73960/1 | R35: SINAPI | S35: Ligação provisória de energia elétrica em canteiro de obra | T35: UNID. | U35: 1 | V35: 1396.23 | W35: 1773.21 | X35: =U35*W35 -> 1773.21
C36: INSTALAÇÃO PROVISORIAS DE AGUA | K36: Unid. | L36: 0 | M36: 0 | N36: 0.27 | O36: =M36*(L36*N36+L36) -> 0 | Q36: C2851 | R36: SEINFRA | S36: INSTALAÇÕES PROVISORIAS DE AGUA | T36: UNID. | V36: 0 | W36: 0 | X36: =U36*W36 -> 0
C37: INSTALAÇÃO PROVISORIAS DE ESGOTO | K37: Unid. | L37: 0 | M37: 1 | N37: 0.27 | O37: =M37*(L37*N37+L37) -> 0 | Q37: C2849 | R37: SEINFRA | S37: INSTALAÇÕES PROVISORIAS DE ESGOTO | T37: UNID. | U37: 1 | V37: 500 | W37: 635 | X37: =U37*W37 -> 635
C38: SONDAGEM DE TERRENO [1 FURO A CADA 200M²] | K38: Unid. | L38: 0 | M38: 0 | N38: 0.27 | O38: =M38*(L38*N38+L38) -> 0 | Q38: C2290 | R38: SEINFRA | S38: SONDAGEM DE TERRENO [1 FURO A CADA 200M²] | T38: UNID. | U38: 0 | V38: 0 | W38: 0 | X38: =U38*W38 -> 0
B39: 98524 | C39: LIMPEZA MANUAL DE VEGETAÇÃO EM TERRENO COM ENXADA. AF_03/2024 | K39: m2 | L39: 6.49 | M39: 1230 | N39: 0.27 | O39: =M39*(L39*N39+L39) -> 10138.029 | Q39: 98524 | R39: SINAPI | S39: LIMPEZA MANUAL DE VEGETAÇÃO EM TERRENO COM ENXADA.AF_05/2018 | T39: M2 | U39: 1230 | V39: 3.71 | W39: 4.71 | X39: =U39*W39 -> 5793.3
B40: 2.00 | C40: MOVIMENTO DE TERRAS PARA FUNDAÇÃO | O40: =SUM(O41:O44) -> 0 | Q40: =B40 -> 2.00 | S40: =C40 -> MOVIMENTO DE TERRAS PARA FUNDAÇÃO
B41: 55835 | C41: Aterro apiloado em camadas de 0,20 m com material argiloso - arenoso (entre baldrames) | K41: M3 | L41: 0 | M41: 0 | N41: 0.27 | O41: =M41*(L41*N41+L41) -> 0 | Q41: 55835 | R41: SINAPI | S41: Aterro apiloado em camadas de 0,20 m com material argiloso - arenoso (entre baldrames) | T41: M3 | U41: 0 | V41: 0 | W41: 0 | X41: =U41*W41 -> 0
B42: 73965/10 | C42: Escavação manual de valas em qualquer terreno exceto rocha até h=1,50 m | K42: M3 | L42: 0 | M42: 0 | N42: 0.27 | O42: =M42*(L42*N42+L42) -> 0 | Q42: 73965/10 | R42: SINAPI | S42: Escavação manual de valas em qualquer terreno exceto rocha até h=1,50 m | T42: M3 | U42: 0 | V42: 0 | W42: 0 | X42: =U42*W42 -> 0
B43: 79483 | C43: Regularização e compactação do fundo de valas | K43: M2 | L43: 0 | M43: 0 | N43: 0.27 | O43: =M43*(L43*N43+L43) -> 0 | Q43: 79483 | R43: SINAPI | S43: Regularização e compactação do fundo de valas | T43: M2 | U43: 0 | V43: 0 | W43: 0 | X43: =U43*W43 -> 0
B44: 53527 | C44: Reaterro apiloado de vala com material da obra | K44: M3 | L44: 0 | M44: 0 | N44: 0.27 | O44: =M44*(L44*N44+L44) -> 0 | Q44: 53527 | R44: SINAPI | S44: Reaterro apiloado de vala com material da obra | T44: M3 | U44: 0 | V44: 0 | W44: 0 | X44: =U44*W44 -> 0
B45: 3.00 | C45: FUNDÇÕES | O45: =SUM(O46:O56) -> 0 | Q45: =B45 -> 3.00 | S45: =C45 -> FUNDÇÕES
C46: CONCRETO ARMADO PARA FUNDAÇÕES - SAPATAS | S46: =C46 -> CONCRETO ARMADO PARA FUNDAÇÕES - SAPATAS
B47: 73907/6 | C47: Lastro de concreto magro (e=3,0 cm) - preparo mecânico | K47: m2 | L47: 0 | M47: 0 | N47: 0.27 | O47: =M47*(L47*N47+L47) -> 0 | Q47: 73907/6 | R47: SINAPI | S47: Lastro de concreto magro (e=3,0 cm) - preparo mecânico | T47: m2 | U47: 0 | X47: =U47*W47 -> 0
B48: 5651 | C48: Forma de madeira comum para Fundações - reaproveitamento 5X | K48: m2 | L48: 0 | M48: 0 | N48: 0.27 | O48: =M48*(L48*N48+L48) -> 0 | Q48: 5651 | R48: SINAPI | S48: Forma de madeira comum para Fundações - reaproveitamento 5X | T48: m2 | U48: 0 | V48: 0 | W48: 0 | X48: =U48*W48 -> 0
B49: 74254/2 | C49: Armação aço CA-50, Diam. 6,3 (1/4) á 12,5mm(1/2) -Fornecimento/corte perda de 10%) / dobra / colocação. | K49: kg | L49: 0 | M49: 0 | N49: 0.27 | O49: =M49*(L49*N49+L49) -> 0 | Q49: 74254/2 | R49: SINAPI | S49: Armação aço CA-50, Diam. 6,3 (1/4) á 12,5mm(1/2) -Fornecimento/corte perda de 10%) / dobra / colocação. | T49: kg | U49: 0 | V49: 0 | W49: 0 | X49: =U49*W49 -> 0
B50: 73942/2 | C50: Armação de aço CA-60 Diam. 3,4 a 6,0mm-Fornecimento/corte perda de 10%) / dobra / colocação. | K50: kg | L50: 0 | M50: 0 | N50: 0.27 | O50: =M50*(L50*N50+L50) -> 0 | Q50: 73942/2 | R50: SINAPI | S50: Armação de aço CA-60 Diam. 3,4 a 6,0mm-Fornecimento/corte perda de 10%) / dobra / colocação. | T50: kg | U50: 0 | V50: 0 | W50: 0 | X50: =U50*W50 -> 0
B51: 74138/3 | C51: Concreto para Fundação fck=25MPa, incluindo preparo, lançamento, adensamento. | K51: m3 | L51: 0 | M51: 0 | N51: 0.27 | O51: =M51*(L51*N51+L51) -> 0 | Q51: 74138/3 | R51: SINAPI | S51: Concreto para Fundação fck=25MPa, incluindo preparo, lançamento, adensamento. | T51: m3 | U51: 0 | V51: 0 | W51: 0 | X51: =U51*W51 -> 0
C52: CONCRETO ARMADO PARA FUNDAÇÕES - VIGAS BALDRAMES | S52: =C52 -> CONCRETO ARMADO PARA FUNDAÇÕES - VIGAS BALDRAMES
B53: 5651 | C53: Forma de madeira comum para Fundções - reaproveitamento 5X | K53: M2 | L53: 0 | M53: 0 | N53: 0.27 | O53: =M53*(L53*N53+L53) -> 0 | Q53: 5651 | R53: SINAPI | S53: Forma de madeira comum para Fundções - reaproveitamento 5X | T53: M2 | U53: 0 | V53: 0 | W53: 0 | X53: =U53*W53 -> 0
B54: 74254/2 | C54: Armação aço CA-50, Diam. 6,3 (1/4) á 12,5mm(1/2) -Fornecimento/corte perda de 10%) / dobra / colocação. | K54: KG | L54: 0 | M54: 0 | N54: 0.27 | O54: =M54*(L54*N54+L54) -> 0 | Q54: 74254/2 | R54: SINAPI | S54: Armação aço CA-50, Diam. 6,3 (1/4) á 12,5mm(1/2) -Fornecimento/corte perda de 10%) / dobra / colocação. | T54: KG | U54: 0 | V54: 0 | W54: 0 | X54: =U54*W54 -> 0
B55: 73942/2 | C55: Armação de aço CA-60 Diam. 3,4 a 6,0mm-Fornecimento/corte perda de 10%) / dobra / colocação. | K55: KG | L55: 0 | M55: 0 | N55: 0.27 | O55: =M55*(L55*N55+L55) -> 0 | Q55: 73942/2 | R55: SINAPI | S55: Armação de aço CA-60 Diam. 3,4 a 6,0mm-Fornecimento/corte perda de 10%) / dobra / colocação | T55: KG | U55: 0 | V55: 0 | W55: 0 | X55: =U55*W55 -> 0
B56: 74138/3 | C56: Concreto para Fundação fck=25MPa, incluindo preparo, lançamento, adensamento. | K56: M3 | L56: 0 | M56: 0 | N56: 0.27 | O56: =M56*(L56*N56+L56) -> 0 | Q56: 74138/3 | R56: SINAPI | S56: Concreto para Fundação fck=25MPa, incluindo preparo, lançamento, adensamento. | T56: M3 | U56: 0 | V56: 0 | W56: 0 | X56: =U56*W56 -> 0
B57: 4.00 | C57: SUPERESTRUTURA | O57: =SUM(O58:O81) -> 55581.831 | Q57: =B57 -> 4.00 | S57: =C57 -> SUPERESTRUTURA
C58: CONCRETO ARMADO - VIGAS | S58: =C58 -> CONCRETO ARMADO - VIGAS
B59: 84219 | C59: Forma de madeira para estrutura de concreto - reaproveitamento 5X | K59: M2 | L59: 0 | M59: 0 | N59: 0.27 | O59: =M59*(L59*N59+L59) -> 0 | Q59: 84219 | R59: SINAPI | S59: Forma de madeira comum para Fundções - reaproveitamento 5X | T59: M2 | U59: 0 | V59: 0 | W59: 0 | X59: =U59*W59 -> 0
B60: 74254/2 | C60: Armação aço CA-50, Diam. 6,3 (1/4) á 12,5mm(1/2) -Fornecimento/corte perda de 10%) / dobra / colocação. | K60: KG | L60: 0 | M60: 0 | N60: 0.27 | O60: =M60*(L60*N60+L60) -> 0 | Q60: 74254/2 | R60: SINAPI | S60: Armação aço CA-50, Diam. 6,3 (1/4) á 12,5mm(1/2) -Fornecimento/corte perda de 10%) / dobra / colocação. | T60: KG | U60: 0 | V60: 0 | W60: 0 | X60: =U60*W60 -> 0
B61: 73942/2 | C61: Armação de aço CA-60 Diam. 3,4 a 6,0mm-Fornecimento/corte perda de 10%) / dobra / colocação. | K61: KG | L61: 0 | M61: 0 | N61: 0.27 | O61: =M61*(L61*N61+L61) -> 0 | Q61: 73942/2 | R61: SINAPI | S61: Armação de aço CA-60 Diam. 3,4 a 6,0mm-Fornecimento/corte perda de 10%) / dobra / colocação | T61: KG | U61: 0 | V61: 0 | W61: 0 | X61: =U61*W61 -> 0
B62: 74138/3 | C62: Concreto para Estrutura fck=25MPa, incluindo preparo, lançamento, adensamento. | K62: M3 | L62: 0 | M62: 0 | N62: 0.27 | O62: =M62*(L62*N62+L62) -> 0 | Q62: 74138/3 | R62: SINAPI | S62: Concreto para Fundação fck=25MPa, incluindo preparo, lançamento, adensamento. | T62: M3 | U62: 0 | V62: 0 | W62: 0 | X62: =U62*W62 -> 0
C63: CONCRETO ARMADO - LAJES E PILARES | S63: =C63 -> CONCRETO ARMADO - LAJES E PILARES
B64: 84219 | C64: Forma de madeira para estrutura de concreto - reaproveitamento 5X | K64: M2 | L64: 0 | M64: 0 | N64: 0.27 | O64: =M64*(L64*N64+L64) -> 0 | Q64: 84219 | R64: SINAPI | S64: Forma de madeira comum para Fundções - reaproveitamento 5X | T64: M2 | U64: 0 | V64: 0 | W64: 0 | X64: =U64*W64 -> 0
B65: 74254/2 | C65: Armação aço CA-50, Diam. 6,3 (1/4) á 12,5mm(1/2) -Fornecimento/corte perda de 10%) / dobra / colocação. | K65: KG | L65: 0 | M65: 0 | N65: 0.27 | O65: =M65*(L65*N65+L65) -> 0 | Q65: 74254/2 | R65: SINAPI | S65: Armação aço CA-50, Diam. 6,3 (1/4) á 12,5mm(1/2) -Fornecimento/corte perda de 10%) / dobra / colocação. | T65: KG | U65: 0 | V65: 0 | W65: 0 | X65: =U65*W65 -> 0
B66: 73942/2 | C66: Armação de aço CA-60 Diam. 3,4 a 6,0mm-Fornecimento/corte perda de 10%) / dobra / colocação. | K66: KG | L66: 0 | M66: 0 | N66: 0.27 | O66: =M66*(L66*N66+L66) -> 0 | Q66: 73942/2 | R66: SINAPI | S66: Armação de aço CA-60 Diam. 3,4 a 6,0mm-Fornecimento/corte perda de 10%) / dobra / colocação | T66: KG | U66: 0 | V66: 0 | W66: 0 | X66: =U66*W66 -> 0
B67: 74138/3 | C67: Concreto para Estrutura fck=25MPa, incluindo preparo, lançamento, adensamento. | K67: M3 | L67: 0 | M67: 0 | N67: 0.27 | O67: =M67*(L67*N67+L67) -> 0 | Q67: 74138/3 | R67: SINAPI | S67: Concreto para Fundação fck=25MPa, incluindo preparo, lançamento, adensamento. | T67: M3 | U67: 0 | V67: 0 | W67: 0 | X67: =U67*W67 -> 0
C68: CONCRETO ARMADO - ARQUIBANCADAS E BANCO | S68: =C68 -> CONCRETO ARMADO - ARQUIBANCADAS E BANCO
B69: 92263 | C69: FABRICAÇÃO DE FÔRMA PARA PILARES E ESTRUTURAS SIMILARES, EM CHAPA DE MADEIRA COMPENSADA RESINADA, E = 17 MM. AF_09/2020 | K69: M2 | L69: 0 | M69: 0 | N69: 0.27 | O69: =M69*(L69*N69+L69) -> 0 | Q69: 92263 | R69: SINAPI | S69: FABRICAÇÃO DE FÔRMA PARA PILARES E ESTRUTURAS SIMILARES, EM CHAPA DE MADEIRA COMPENSADA RESINADA, E = 17 MM. AF_09/2020 | U69: 0 | V69: 0 | W69: 0 | X69: =U69*W69 -> 0
B70: 92916 | C70: ARMAÇÃO DE ESTRUTURAS DIVERSAS DE CONCRETO ARMADO, EXCETO VIGAS, PILARES, LAJES E FUNDAÇÕES, UTILIZANDO AÇO CA-50 DE 6,3 MM | K70: KG | L70: 0 | M70: 0 | N70: 0.27 | O70: =M70*(L70*N70+L70) -> 0 | Q70: 92916 | R70: SINAPI | S70: ARMAÇÃO DE ESTRUTURAS DIVERSAS DE CONCRETO ARMADO, EXCETO VIGAS, PILARES, LAJES E FUNDAÇÕES, UTILIZANDO AÇO CA-50 DE 6,3 MM | T70: KG | U70: 0 | V70: 0 | W70: 0 | X70: =U70*W70 -> 0
B71: 92915 | C71: ARMAÇÃO DE ESTRUTURAS DIVERSAS DE CONCRETO ARMADO, EXCETO VIGAS, PILARES, LAJES E FUNDAÇÕES, UTILIZANDO AÇO CA-60 DE 5,0 MM | K71: KG | L71: 0 | M71: 0 | N71: 0.27 | O71: =M71*(L71*N71+L71) -> 0 | Q71: 92915 | R71: SINAPI | S71: ARMAÇÃO DE ESTRUTURAS DIVERSAS DE CONCRETO ARMADO, EXCETO VIGAS, PILARES, LAJES E FUNDAÇÕES, UTILIZANDO AÇO CA-60 DE 5,0 MM | T71: KG | U71: 0 | V71: 0 | W71: 0 | X71: =U71*W71 -> 0
B72: 103674 | C72: CONCRETAGEM DE VIGAS E LAJES, FCK=25 MPA, PARA LAJES PREMOLDADAS COM USO DE BOMBA - LANÇAMENTO, ADENSAMENTO | K72: M3 | L72: 0 | M72: 0 | N72: 0.27 | O72: =M72*(L72*N72+L72) -> 0 | Q72: 103674 | R72: SINAPI | S72: CONCRETAGEM DE VIGAS E LAJES, FCK=25 MPA, PARA LAJES PREMOLDADAS COM USO DE BOMBA - LANÇAMENTO, ADENSAMENTO | T72: M3 | U72: 0 | V72: 0 | W72: 0 | X72: =U72*W72 -> 0
B73: 96385 | C73: EXECUÇÃO E COMPACTAÇÃO DE ATERRO COM SOLO EXCLUSIVE SOLO, ESCAVAÇÃO, CARGA E TRANSPORTE. AF_11/2019 | K73: M3 | L73: 0 | M73: 0 | N73: 0.27 | O73: =M73*(L73*N73+L73) -> 0 | Q73: 96385 | R73: SINAPI | S73: EXECUÇÃO E COMPACTAÇÃO DE ATERRO COM SOLO EXCLUSIVE SOLO, ESCAVAÇÃO, CARGA E TRANSPORTE. AF_11/2019 | T73: M3 | U73: 0 | V73: 0 | W73: 0 | X73: =U73*W73 -> 0
C74: CONCRETO ARMADO - VERGAS | S74: =C74 -> CONCRETO ARMADO - VERGAS
B75: 83901 | C75: Verga pré-moldada em concreto armado fck=15Mpa = 10x10 | K75: M | L75: 0 | M75: 0 | N75: 0.27 | O75: =M75*(L75*N75+L75) -> 0 | Q75: 83901 | R75: SINAPI | S75: Verga pré-moldada em concreto armado fck=15Mpa = 10x10 | T75: M | U75: 0 | V75: 0 | W75: 0 | X75: =U75*W75 -> 0
C76: CONCRETO ARMADO - LAJE DE PISO | S76: =C76 -> CONCRETO ARMADO - LAJE DE PISO
B77: 92263 | C77: FABRICAÇÃO DE FÔRMA PARA PILARES E ESTRUTURAS SIMILARES, EM CHAPA DE MADEIRA COMPENSADA RESINADA, E = 17 MM. AF_09/2020 | K77: M2 | L77: 162.88 | M77: 10.8 | N77: 0.27 | O77: =M77*(L77*N77+L77) -> 2234.0621 | Q77: 92263 | R77: SINAPI | S77: FABRICAÇÃO DE FÔRMA PARA PILARES E ESTRUTURAS SIMILARES, EM CHAPA DE MADEIRA COMPENSADA RESINADA, E = 17 MM. AF_09/2020 | T77: M2 | U77: 10.8 | V77: 149.99 | W77: 190.49 | X77: =U77*W77 -> 2057.292
B78: 96622 | C78: LASTRO COM MATERIAL GRANULAR, APLICADO EM PISOS OU LAJES SOBRE SOLO, ESPESSURA DE *5 CM*. AF_01/2024 | K78: M3 | L78: 212.81 | M78: 33.83 | N78: 0.27 | O78: =M78*(L78*N78+L78) -> 9143.1901 | Q78: 96622 | R78: SINAPI | S78: LASTRO COM MATERIAL GRANULAR, APLICADO EM PISOS OU LAJES SOBRE SOLO, ESPESSURA DE *5 CM*. AF_08/2017 | T78: M3 | U78: 33.83 | V78: 124.99 | W78: 158.74 | X78: =U78*W78 -> 5370.1742
B79: 97113 | C79: APLICAÇÃO DE LONA PLÁSTICA PARA EXECUÇÃO DE PAVIMENTOS DE CONCRETO. AF_04/2022 | K79: M2 | L79: 3.19 | M79: 676.67 | N79: 0.27 | O79: =M79*(L79*N79+L79) -> 2741.3932 | Q79: 97113 | R79: SINAPI | S79: APLICAÇÃO DE LONA PLÁSTICA PARA EXECUÇÃO DE PAVIMENTOS DE CONCRETO. AF_04/2022 | T79: M2 | U79: 676.67 | V79: 1.82 | W79: 2.31 | X79: =U79*W79 -> 1563.1077
B80: 97088 | C80: ARMAÇÃO PARA EXECUÇÃO DE RADIER, PISO DE CONCRETO OU LAJE SOBRE SOLO, COM USO DE TELA Q-92. AF_09/2021 | K80: KG | L80: 14.68 | M80: 1001.47 | N80: 0.27 | O80: =M80*(L80*N80+L80) -> 18671.006 | Q80: 97088 | R80: SINAPI | S80: ARMAÇÃO PARA EXECUÇÃO DE RADIER, PISO DE CONCRETO OU LAJE SOBRE SOLO, COM USO DE TELA Q-92. AF_09/2021 | T80: KG | U80: 1001.47 | V80: 14.57 | W80: 18.5 | X80: =U80*W80 -> 18527.195
B81: 103674 | C81: CONCRETAGEM DE VIGAS E LAJES, FCK=25 MPA, PARA LAJES PREMOLDADAS COM USO DE BOMBA - LANÇAMENTO, ADENSAMENTO E ACABAMENTO. AF_02/2022_PS | K81: M3 | L81: 662.97 | M81: 27.07 | N81: 0.27 | O81: =M81*(L81*N81+L81) -> 22792.179 | Q81: 103674 | R81: SINAPI | S81: CONCRETAGEM DE VIGAS E LAJES, FCK=25 MPA, PARA LAJES PREMOLDADAS COM USO DE BOMBA - LANÇAMENTO, ADENSAMENTO E | T81: M3 | U81: 27.07 | V81: 596.95 | W81: 758.13 | X81: =U81*W81 -> 20522.579
B82: 5.00 | C82: SISTEMA DE VEDAÇÃO VERTICAL INTERNO E EXTERNO [PAREDES] | O82: =SUM(O83:O89) -> 70233.323 | Q82: =B82 -> 5.00 | S82: =C82 -> SISTEMA DE VEDAÇÃO VERTICAL INTERNO E EXTERNO [PAREDES]
B83: 87504 | C83: Alvenaria de vedação de 1/2 vez em tijolos cerâmicos de 08 furos (dimensões nominais: 19x19x09); assentamento em argamassa no traço | K83: M2 | L83: 0 | M83: 0 | N83: 0.27 | O83: =M83*(L83*N83+L83) -> 0 | Q83: 87504 | R83: SINAPI | S83: Alvenaria de vedação de 1/2 vez em tijolos cerâmicos de 08 furos (dimensões nominais: 19x19x09); assentamento em argamassa no traço 1:2:8 (cimento, cal | T83: M2 | U83: 0 | V83: 0 | W83: 0 | X83: =U83*W83 -> 0
B84: 73988/1 | C84: Encunhamento (aperto de alvenaria) em tijolo cerâmicos maciços 5x10x20cm 1 vez (esp. 20cm), assentamento c/ argamassa traço1:6 (cimento e areia) | K84: M2 | L84: 0 | M84: 0 | N84: 0.27 | O84: =M84*(L84*N84+L84) -> 0 | Q84: 73988/1 | R84: SINAPI | S84: Encunhamento (aperto de alvenaria) em tijolo cerâmicos maciços 5x10x20cm 1 vez (esp. 20cm), assentamento c/ argamassa traço1:6 (cimento e areia) | T84: M2 | U84: 0 | V84: 0 | W84: 0 | X84: =U84*W84 -> 0
B85: 101161 | C85: ALVENARIA DE VEDAÇÃO COM ELEMENTO VAZADO DE CONCRETO (COBOGÓ) DE 7X50X50CM E ARGAMASSA DE ASSENTAMENTO COM PREPARO EM BETONEIRA. AF_05/2020 | K85: M2 | L85: 231.44 | M85: 134.72 | N85: 0.27 | O85: =M85*(L85*N85+L85) -> 39598.088 | Q85: 101161 | R85: SINAPI | S85: ALVENARIA DE VEDAÇÃO COM ELEMENTO VAZADO DE CONCRETO (COBOGÓ) DE 7X50X50CM E ARGAMASSA DE ASSENTAMENTO COM PREPARO EM BETONEIRA. AF_05/2020 | T85: M2 | U85: 134.72 | V85: 231.66 | W85: 294.21 | X85: =U85*W85 -> 39635.971
C86: ALVENARIA - ARQUIBANCADAS | S86: =C86 -> ALVENARIA - ARQUIBANCADAS
B87: 103341 | C87: ALVENARIA DE VEDAÇÃO DE BLOCOS VAZADOS DE CONCRETO APARENTE DE 19X19X39 CM (ESPESSURA 19 CM) E ARGAMASSA DE ASSENTAMENTO COM PREPARO MANUAL. AF_12/2021 | K87: M2 | L87: 162.9 | M87: 148.08 | N87: 0.27 | O87: =M87*(L87*N87+L87) -> 30635.235 | Q87: 103341 | R87: SINAPI | S87: ALVENARIA DE VEDAÇÃO DE BLOCOS VAZADOS DE CONCRETO APARENTE DE 19X19X39 CM (ESPESSURA 19 CM) E ARGAMASSA DE ASSENTAMENTO COM PREPARO MANUAL | T87: M2 | U87: 148.08 | V87: 140.55 | W87: 178.5 | X87: =U87*W87 -> 26432.28
C88: ALVENARIA - DIVISARIAS VESTIARIOS. AF 12/2021 | S88: =C88 -> ALVENARIA - DIVISARIAS VESTIARIOS. AF 12/2021
B89: 87504 | C89: Alvenaria de vedação de 1/2 vez em tijolos cerâmicos de 08 furos (dimensões nominais: 19x19x09); assentamento em argamassa no traço | K89: M2 | L89: 0 | M89: 0 | N89: 0.27 | O89: =M89*(L89*N89+L89) -> 0 | Q89: 87504 | R89: SINAPI | S89: Alvenaria de vedação de 1/2 vez em tijolos cerâmicos de 08 furos (dimensões nominais: 19x19x09); assentamento em argamassa no traço 1:2:8 (cimento, cal | T89: M2 | U89: 0 | V89: 0 | W89: 0 | X89: =U89*W89 -> 0
B90: 6.00 | C90: ESQUADRIAS | O90: =SUM(O91:O104) -> 25043.369 | Q90: =B90 -> 6.00 | S90: =C90 -> ESQUADRIAS
C91: PORTAS DE MADEIRA | S91: =C91 -> PORTAS DE MADEIRA
B92: 90850 | C92: KIT DE PORTA DE MADEIRA PARA PINTURA, SEMI-OCA (LEVE OU MÉDIA), PADRÃO MÉDIO, 90X210CM, ESPESSURA DE 3,5CM, ITENS INCLUSOS: DOBRADIÇAS, MONTAGEM E INSTALAÇÃO DO BATENTE, SEM FECHADURA - FORNECIMENTO E INSTALAÇÃO. AF_12/2019 | K92: Unid. | L92: 1224.63 | M92: 2 | N92: 0.27 | O92: =M92*(L92*N92+L92) -> 3110.5602 | Q92: 90850 | R92: SINAPI | S92: KIT DE PORTA DE MADEIRA PARA PINTURA, SEMI-OCA (LEVE OU MÉDIA), PADRÃO MÉDIO, 90X210CM, ESPESSURA DE 3,5CM, ITENS INCLUSOS: DOBRADIÇAS, MONTAGEM E INSTALAÇÃO DO BATENTE, SEM FECHADURA - FORNECIMENTO E INSTALAÇÃO. AF_12/2019 | T92: UNID. | U92: 2 | V92: 1141.79 | W92: 1450.07 | X92: =U92*W92 -> 2900.14
B93: 3425 | C93: BANDEIRAS PARA PORTA (1,00X0,80 M ) PARA VIDRO | K93: Unid. | L93: 0 | M93: 0 | N93: 0.27 | O93: =M93*(L93*N93+L93) -> 0 | Q93: 3425 | R93: SINAPI | S93: BANDEIRAS PARA PORTA (1,00X0,80 M ) PARA VIDRO | T93: UNID. | U93: 0 | V93: 0 | W93: 0 | X93: =U93*W93 -> 0
B94: 90850 | C94: KIT DE PORTA DE MADEIRA PARA PINTURA, SEMI-OCA (LEVE OU MÉDIA), PADRÃO MÉDIO, 90X210CM, ESPESSURA DE 3,5CM, ITENS INCLUSOS: DOBRADIÇAS, MONTAGEM E INSTALAÇÃO DO BATENTE, SEM FECHADURA - FORNECIMENTO E INSTALAÇÃO. AF_12/2019 | K94: Unid. | L94: 1224.63 | M94: 1 | N94: 0.27 | O94: =M94*(L94*N94+L94) -> 1555.2801 | Q94: 90850 | R94: SINAPI | S94: KIT DE PORTA DE MADEIRA PARA PINTURA, SEMI-OCA (LEVE OU MÉDIA), PADRÃO MÉDIO, 90X210CM, ESPESSURA DE 3,5CM, ITENS INCLUSOS: DOBRADIÇAS, MONTAGEM E INSTALAÇÃO DO BATENTE, SEM FECHADURA - FORNECIMENTO E INSTALAÇÃO. AF_12/2019 | T94: UNID. | U94: 1 | V94: 1141.79 | W94: 1450.07 | X94: =U94*W94 -> 1450.07
B95: 90788 | C95: KIT DE PORTA-PRONTA DE MADEIRA EM ACABAMENTO MELAMÍNICO BRANCO, FOLHA LEVE OU MÉDIA, 60X210CM, EXCLUSIVE FECHADURA, FIXAÇÃO COM PREENCHIMENTO PARCIAL DE ESPUMA EXPANSIVA - FORNECIMENTO E INSTALAÇÃO. AF_12/2019 | K95: Unid. | L95: 956.12 | M95: 2 | N95: 0.27 | O95: =M95*(L95*N95+L95) -> 2428.5448 | Q95: 90788 | R95: SINAPI | S95: 90788 KIT DE PORTA-PRONTA DE MADEIRA EM ACABAMENTO MELAMÍNICO BRANCO, FOLHA LEVE OU MÉDIA, 60X210CM, EXCLUSIVE FECHADURA, FIXAÇÃO COM PREENCHIMENTO PARCIAL DE ESPUMA EXPANSIVA - FORNECIMENTO E INSTALAÇÃO. AF_12/2019 | T95: UNID. | U95: 2 | V95: 895.92 | W95: 1137.82 | X95: =U95*W95 -> 2275.64
B96: 90797 | C96: KIT DE PORTA-PRONTA DE MADEIRA EM ACABAMENTO MELAMÍNICO BRANCO, FOLHA LEVE OU MÉDIA, E BATENTE METÁLICO, 90X210CM, FIXAÇÃO COM ARGAMASSA - FORNECIMENTO E INSTALAÇÃO. AF_12/2019 | K96: Unid. | L96: 872.48 | M96: 4 | N96: 0.27 | O96: =M96*(L96*N96+L96) -> 4432.1984 | Q96: 90797 | R96: SINAPI | S96: KIT DE PORTA-PRONTA DE MADEIRA EM ACABAMENTO MELAMÍNICO BRANCO, FOLHA LEVE OU MÉDIA, E BATENTE METÁLICO, 90X210CM, | T96: UNID. | U96: 4 | V96: 799.44 | W96: 1015.29 | X96: =U96*W96 -> 4061.16
C97: FERRAGENS E ACESSORIOS | S97: =C97 -> FERRAGENS E ACESSORIOS
B98: 90830 | C98: FECHADURA DE EMBUTIR COM CILINDRO, EXTERNA, COMPLETA, ACABAMENTO PADRÃO MÉDIO, INCLUSO EXECUÇÃO DE FURO - FORNECIMENTO E INSTALAÇÃO. AF_12/2019 | K98: Unid. | L98: 221.98 | M98: 3 | N98: 0.27 | O98: =M98*(L98*N98+L98) -> 845.7438 | Q98: 90830 | R98: SINAPI | S98: FECHADURA DE EMBUTIR COM CILINDRO, EXTERNA, COMPLETA, ACABAMENTO PADRÃO MÉDIO, INCLUSO EXECUÇÃO DE FURO - FORNECIMENTO E INSTALAÇÃO. AF_12/2019 | T98: UNID. | U98: 3 | V98: 245.52 | W98: 311.81 | X98: =U98*W98 -> 935.43
B99: 90831 | C99: FECHADURA DE EMBUTIR PARA PORTA DE BANHEIRO, COMPLETA, ACABAMENTO PADRÃO MÉDIO, INCLUSO EXECUÇÃO DE FURO - FORNECIMENTO E INSTALAÇÃO. AF_12/2019 | K99: Unid. | L99: 192.35 | M99: 6 | N99: 0.27 | O99: =M99*(L99*N99+L99) -> 1465.707 | Q99: 90831 | R99: SINAPI | S99: FECHADURA DE EMBUTIR PARA PORTA DE BANHEIRO, COMPLETA, ACABAMENTO PADRÃO MÉDIO, INCLUSO EXECUÇÃO DE FURO - FORNECIMENTO E INSTALAÇÃO. AF_12/2019 | T99: UNID. | U99: 6 | V99: 216.62 | W99: 275.11 | X99: =U99*W99 -> 1650.66
C100: JANELAS DE ALUMINIO | S100: =C100 -> JANELAS DE ALUMINIO
B101: 94569 | C101: JANELA DE ALUMÍNIO TIPO MAXIM-AR, COM VIDROS, BATENTE E FERRAGENS, EXCLUSIVE ALIZAR, ACABAMENTO E CONTRAMARCO, FIXAÇÃO COM PARAFUSO. FORNECIMENTO E INSTALAÇÃO. AF_11/2024 | K101: M2 | L101: 695.05 | M101: 11.04 | N101: 0.27 | O101: =M101*(L101*N101+L101) -> 9745.157 | Q101: 94589 | R101: SINAPI | S101: JANELA DE ALUMÍNIO TIPO MAXIM-AR, COM VIDROS, BATENTE E FERRAGENS. EXCLUSIVE ALIZAR, ACABAMENTO E CONTRAMARCO. FORNECIMENTO E INSTALAÇÃO. AF_12/2019 | T101: M2 | U101: 11.04 | V101: 653.14 | W101: 829.49 | X101: =U101*W101 -> 9157.5696
C102: VIDROS | S102: =C102 -> VIDROS
B103: 102166 | C103: INSTALAÇÃO DE VIDRO LISO INCOLOR, E = 6 MM, EM ESQUADRIA DE ALUMÍNIO OU PVC, FIXADO COM BAGUETE. AF_01/2021_PS | K103: M2 | L103: 0 | M103: 0 | N103: 0.27 | O103: 0 | Q103: 102166 | R103: SINAPI | S103: INSTALAÇÃO DE VIDRO LISO INCOLOR, E = 6 MM, EM ESQUADRIA DE ALUMÍNIO OU PVC, FIXADO COM BAGUETE. AF_01/2021_PS | T103: M2 | U103: 0 | V103: 0 | W103: 0 | X103: 0
B104: 102166 | C104: INSTALAÇÃO DE VIDRO LISO INCOLOR, E = 6 MM, EM ESQUADRIA DE ALUMÍNIO OU PVC, FIXADO COM BAGUETE. AF_01/2021_PS | K104: M2 | L104: 354.86 | M104: 3.24 | N104: 0.27 | O104: =M104*(L104*N104+L104) -> 1460.1779 | Q104: 102166 | R104: SINAPI | S104: INSTALAÇÃO DE VIDRO LISO INCOLOR, E = 6 MM, EM ESQUADRIA DE ALUMÍNIO OU PVC, FIXADO COM BAGUETE. AF_01/2021_PS | T104: M2 | U104: 3.24 | V104: 317.16 | W104: 402.79 | X104: =U104*W104 -> 1305.0396
B105: 7.00 | C105: SISTEMA DE COBERTURA | O105: =SUM(O106:O107) -> 0 | Q105: =B105 -> 7.00 | S105: =C105 -> SISTEMA DE COBERTURA
B106: 84038 | C106: Cobertura em telha metálica ondulada 5mm - pré pintada - cor: branca | K106: M2 | L106: 0 | M106: 0 | N106: 0.27 | O106: =M106*(L106*N106+L106) -> 0 | Q106: 84038 | R106: SINAPI | S106: Cobertura em telha metálica ondulada 5mm - pré pintada - cor: branca | T106: M2 | U106: 0 | V106: 0 | W106: 0 | X106: =U106*W106 -> 0
B107: 73970/2 | C107: Fornecimento e montagem de estrutura metálica conf. Projeto espec. | K107: KG | L107: 0 | M107: 0 | N107: 0.27 | O107: =M107*(L107*N107+L107) -> 0 | Q107: 73970/2 | R107: SINAPI | S107: Fornecimento e montagem de estrutura metálica conf. Projeto espec. | T107: KG | U107: 0 | V107: 0 | W107: 0 | X107: =U107*W107 -> 0
B108: 8.00 | C108: IMPERMEABILIZAÇÃO | O108: =O109 -> 8111.1385 | Q108: =B108 -> 8.00 | S108: =C108 -> IMPERMEABILIZAÇÃO
B109: 98557 | C109: IMPERMEABILIZAÇÃO DE SUPERFÍCIE COM EMULSÃO ASFÁLTICA, 2 DEMÃOS. AF_09/2023 | K109: M2 | L109: 45.76 | M109: 139.57 | N109: 0.27 | O109: =M109*(L109*N109+L109) -> 8111.1385 | Q109: 98557 | R109: SINAPI | S109: IMPERMEABILIZAÇÃO DE SUPERFÍCIE COM EMULSÃO ASFÁLTICA, 2 DEMÃOS. AF_09/2023 | T109: M2 | U109: 139.57 | V109: 47.18 | W109: 59.92 | X109: =U109*W109 -> 8363.0344
B110: 9.00 | C110: REVESTIMENTOS INTERNOS E EXTERNOS | O110: =SUM(O111:O124) -> 116811.16 | Q110: =B110 -> 9.00 | S110: =C110 -> REVESTIMENTOS INTERNOS E EXTERNOS
B111: 87869 | C111: Chapisco em paredes em geral com argamassa traço - 1:3 (cimento / areia) | K111: M2 | L111: 0 | M111: 0 | N111: 0.27 | O111: =M111*(L111*N111+L111) -> 0 | Q111: 87869 | R111: SINAPI | S111: Chapisco em paredes em geral com argamassa traço - 1:3 (cimento / areia | T111: M2 | U111: 0 | V111: 0 | W111: 0 | X111: =U111*W111 -> 0
B112: 87882 | C112: CHAPISCO APLICADO NO TETO OU EM ALVENARIA E ESTRUTURA, COM ROLO PARA TEXTURA ACRÍLICA. ARGAMASSA TRAÇO 1:4 E EMULSÃO POLIMÉRICA (ADESIVO) COM PREPARO EM BETONEIRA 400L. AF_10/2022 | K112: M2 | L112: 6.65 | M112: 84.33 | N112: 0.27 | O112: =M112*(L112*N112+L112) -> 712.20902 | Q112: 87882 | R112: SINAPI | S112: CHAPISCO APLICADO NO TETO OU EM ALVENARIA E ESTRUTURA, COM ROLO PARA TEXTURA ACRÍLICA. ARGAMASSA TRAÇO 1:4 E EMULSÃO POLIMÉRICA (ADESIVO) COPREPARO EM BETONEIRA 400L. AF_10/2022 | T112: M2 | U112: 84.33 | V112: 6.92 | W112: 8.79 | X112: =U112*W112 -> 741.2607
B113: 87554 | C113: EMBOÇO, EM ARGAMASSA TRAÇO 1:2:8, PREPARO MANUAL, APLICADO MANUALMENTE EM PAREDES INTERNAS DE AMBIENTES COM ÁREA MAIOR QUE 10M², E = 10MM, COM TALISCAS. AF_03/2024 | K113: M2 | L113: 29.19 | M113: 743.93 | N113: 0.27 | O113: =M113*(L113*N113+L113) -> 27578.452 | Q113: 87554 | R113: SINAPI | S113: EMBOÇO, PARA RECEBIMENTO DE CERÂMICA, EM ARGAMASSA TRAÇO 1:2:8, PREPAR O MANUAL, APLICADO MANUALMENTE EM FACES INTERNAS DE PAREDES, PARA AMBIENTE COM ÁREA MAIOR QUE 10M2, ESPESSURA DE 10MM, COM EXECUÇÃO DE TALISCAS. AF_06/2014 | T113: M2 | U113: 743.93 | V113: 21.18 | W113: 26.9 | X113: =U113*W113 -> 20011.717
...

Sheet CFF - REFERENCIAL(2026)
A10: CFF - CRONOGRAMA FISICO-FIANCEIRO | S10: CFF - CRONOGRAMA FISICO-FIANCEIRO
A11: CRONOGRAMA Base para Licitação | S11: CRONOGRAMA Base para Licitação
A13: AÇÃO / MODALIDADE | D13: OBJETO | M13: MUNICÍPIO / UF | S13: AÇÃO / MODALIDADE | X13: =D13 -> OBJETO | AH13: MUNICÍPIO / UF
A14: Projeto Padrão FNDE - Quadra coberta com vestiario (PAC 2 - 001/2013) | D14: Repactuação de obra inacabada - CONSTRUÇÃO DE QUADRA COBERTA COM VESTIARIOS - EMEB MARIA FERNANDA LOPES PIFFER | M14: BEBEDOURO SP | S14: Projeto Padrão FNDE - Quadra coberta com vestiario (PAC 2 - 001/2013) | X14: =D14 -> Repactuação de obra inacabada - CONSTRUÇÃO DE QUADRA COBERTA COM VESTIARIOS - EMEB MARIA FERNANDA LOPES PIFFER | AH14: BEBEDOURO SP
A16: PREPONENTE / TOMADOR | E16: LOCALIDADE / ENDEREÇO | S16: PREPONENTE / TOMADOR | Z16: LOCALIDADE / ENDEREÇO
A17: PREFEITURA MUNICIPAL DE BEBEDOURO SP | E17: RUA DANTE CASSANO, Nº 2736 - RESIDENCIAL ANTONIA SANTAELLA, CEP 14.711-351 | S17: PREFEITURA MUNICIPAL DE BEBEDOURO SP | Z17: RUA DANTE CASSANO, Nº 2736 - RESIDENCIAL ANTONIA SANTAELLA, CEP 14.711-351
D20: Á EXECUTAR | S20: Á EXECUTAR | AI20: TOTAL
A21: Código Atividade | B21: Descrição da Atividade | C21: Valor Orçado | D21: % | E21: Mês | F21: 1 | G21: % | H21: Mês | I21: =+F21+1 -> 2 | J21: % | K21: Mês | L21: =+I21+1 -> 3 | M21: % | N21: Mês | O21: =+L21+1 -> 4 | P21: % | Q21: Mês | R21: =+O21+1 -> 5 | S21: % | T21: Mês | U21: =+R21+1 -> 6 | V21: % | W21: Mês | X21: =+U21+1 -> 7 | Y21: % | Z21: Mês | AA21: =+X21+1 -> 8 | AB21: % | AC21: Mês | AD21: =+AA21+1 -> 9 | AE21: % | AF21: Mês | AG21: =+AD21+1 -> 10 | AH21: %
A22: ='PO - REFERENCIAL (2026)'!B286 -> 1.00 | B22: SERVIÇO PRELIMINARES | C22: ='PO - REFERENCIAL (2026)'!O286 -> 70984.839 | D22: 0.3 | E22: =D22*C22 -> 21295.452 | G22: 0.4 | H22: =G22*C22 -> 28393.936 | J22: 0.3 | K22: =J22*C22 -> 21295.452 | M22: 0 | N22: =M22*C22 -> 0 | P22: 0 | Q22: =P22*C22 -> 0 | S22: 0 | T22: =S22*C22 -> 0 | V22: 0 | W22: =V22*C22 -> 0 | Y22: 0 | Z22: =Y22*C22 -> 0 | AB22: 0 | AC22: =AB22*C22 -> 0 | AE22: 0 | AF22: =AE22*C22 -> 0 | AH22: =D22+G22+J22+M22+P22+S22+V22+Y22+AB22+AE22 -> 1 | AI22: =E22+H22+K22+N22+Q22+T22+W22+Z22+AC22+AF22 -> 70984.839
A23: ='PO - REFERENCIAL (2026)'!B287 -> 2.00 | B23: MOVIMENTO DE TERRAS PARA FUNDAÇÃO | C23: ='PO - REFERENCIAL (2026)'!O287 -> 0 | D23: 0 | E23: =D23*C23 -> 0 | G23: 0 | H23: =G23*C23 -> 0 | J23: 0 | K23: =J23*C23 -> 0 | M23: 0 | N23: =M23*C23 -> 0 | P23: 0 | Q23: =P23*C23 -> 0 | S23: 0 | T23: =S23*C23 -> 0 | V23: 0 | W23: =V23*C23 -> 0 | Y23: 0 | Z23: =Y23*C23 -> 0 | AB23: 0 | AC23: =AB23*C23 -> 0 | AE23: 0 | AF23: =AE23*C23 -> 0 | AH23: =D23+G23+J23+M23+P23+S23+V23+Y23+AB23+AE23 -> 0 | AI23: =E23+H23+K23+N23+Q23+T23+W23+Z23+AC23+AF23 -> 0
A24: ='PO - REFERENCIAL (2026)'!B288 -> 3.00 | B24: FUNDÇÕES | C24: ='PO - REFERENCIAL (2026)'!O288 -> 0 | D24: 0 | E24: =D24*C24 -> 0 | G24: 0 | H24: =G24*C24 -> 0 | J24: 0 | K24: =J24*C24 -> 0 | M24: 0 | N24: =M24*C24 -> 0 | P24: 0 | Q24: =P24*C24 -> 0 | S24: 0 | T24: =S24*C24 -> 0 | V24: 0 | W24: =V24*C24 -> 0 | Y24: 0 | Z24: =Y24*C24 -> 0 | AB24: 0 | AC24: =AB24*C24 -> 0 | AE24: 0 | AF24: =AE24*C24 -> 0 | AH24: =D24+G24+J24+M24+P24+S24+V24+Y24+AB24+AE24 -> 0 | AI24: =E24+H24+K24+N24+Q24+T24+W24+Z24+AC24+AF24 -> 0
A25: ='PO - REFERENCIAL (2026)'!B289 -> 4.00 | B25: SUPERESTRUTURA | C25: ='PO - REFERENCIAL (2026)'!O289 -> 55581.831 | D25: 0.3 | E25: =D25*C25 -> 16674.549 | G25: 0.5 | H25: =G25*C25 -> 27790.915 | J25: 0.2 | K25: =J25*C25 -> 11116.366 | M25: 0 | N25: =M25*C25 -> 0 | P25: 0 | Q25: =P25*C25 -> 0 | S25: 0 | T25: =S25*C25 -> 0 | V25: 0 | W25: =V25*C25 -> 0 | Y25: 0 | Z25: =Y25*C25 -> 0 | AB25: 0 | AC25: =AB25*C25 -> 0 | AE25: 0 | AF25: =AE25*C25 -> 0 | AH25: =D25+G25+J25+M25+P25+S25+V25+Y25+AB25+AE25 -> 1 | AI25: =E25+H25+K25+N25+Q25+T25+W25+Z25+AC25+AF25 -> 55581.831
A26: ='PO - REFERENCIAL (2026)'!B290 -> 5.00 | B26: SISTEMA DE VEDAÇÃO VERTICAL INTERNO E EXTERNO [PAREDES] | C26: ='PO - REFERENCIAL (2026)'!O290 -> 70233.323 | D26: 0.2 | E26: =D26*C26 -> 14046.665 | G26: 0.2 | H26: =G26*C26 -> 14046.665 | J26: 0.2 | K26: =J26*C26 -> 14046.665 | M26: 0.4 | N26: =M26*C26 -> 28093.329 | P26: 0 | Q26: =P26*C26 -> 0 | S26: 0 | T26: =S26*C26 -> 0 | V26: 0 | W26: =V26*C26 -> 0 | Y26: 0 | Z26: =Y26*C26 -> 0 | AB26: 0 | AC26: =AB26*C26 -> 0 | AE26: 0 | AF26: =AE26*C26 -> 0 | AH26: =D26+G26+J26+M26+P26+S26+V26+Y26+AB26+AE26 -> 1 | AI26: =E26+H26+K26+N26+Q26+T26+W26+Z26+AC26+AF26 -> 70233.323
A27: ='PO - REFERENCIAL (2026)'!B291 -> 6.00 | B27: ESQUADRIAS | C27: ='PO - REFERENCIAL (2026)'!O291 -> 25043.369 | D27: 0 | E27: =D27*C27 -> 0 | G27: 0 | H27: =G27*C27 -> 0 | J27: 0.2 | K27: =J27*C27 -> 5008.6739 | M27: 0.2 | N27: =M27*C27 -> 5008.6739 | P27: 0.2 | Q27: =P27*C27 -> 5008.6739 | S27: 0.4 | T27: =S27*C27 -> 10017.348 | V27: 0 | W27: =V27*C27 -> 0 | Y27: 0 | Z27: =Y27*C27 -> 0 | AB27: 0 | AC27: =AB27*C27 -> 0 | AE27: 0 | AF27: =AE27*C27 -> 0 | AH27: =D27+G27+J27+M27+P27+S27+V27+Y27+AB27+AE27 -> 1 | AI27: =E27+H27+K27+N27+Q27+T27+W27+Z27+AC27+AF27 -> 25043.369
A28: ='PO - REFERENCIAL (2026)'!B292 -> 7.00 | B28: SISTEMA DE COBERTURA | C28: ='PO - REFERENCIAL (2026)'!O292 -> 0 | D28: 0 | E28: =D28*C28 -> 0 | G28: 0 | H28: =G28*C28 -> 0 | J28: 0 | K28: =J28*C28 -> 0 | M28: 0 | N28: =M28*C28 -> 0 | P28: 0 | Q28: =P28*C28 -> 0 | S28: 0 | T28: =S28*C28 -> 0 | V28: 0 | W28: =V28*C28 -> 0 | Y28: 0 | Z28: =Y28*C28 -> 0 | AB28: 0 | AC28: =AB28*C28 -> 0 | AE28: 0 | AF28: =AE28*C28 -> 0 | AH28: =D28+G28+J28+M28+P28+S28+V28+Y28+AB28+AE28 -> 0 | AI28: =E28+H28+K28+N28+Q28+T28+W28+Z28+AC28+AF28 -> 0
A29: ='PO - REFERENCIAL (2026)'!B293 -> 8.00 | B29: IMPERMEABILIZAÇÃO | C29: ='PO - REFERENCIAL (2026)'!O293 -> 8111.1385 | D29: 0.5 | E29: =D29*C29 -> 4055.5692 | G29: 0.5 | H29: =G29*C29 -> 4055.5692 | J29: 0 | K29: =J29*C29 -> 0 | M29: 0 | N29: =M29*C29 -> 0 | P29: 0 | Q29: =P29*C29 -> 0 | S29: 0 | T29: =S29*C29 -> 0 | V29: 0 | W29: =V29*C29 -> 0 | Y29: 0 | Z29: =Y29*C29 -> 0 | AB29: 0 | AC29: =AB29*C29 -> 0 | AE29: 0 | AF29: =AE29*C29 -> 0 | AH29: =D29+G29+J29+M29+P29+S29+V29+Y29+AB29+AE29 -> 1 | AI29: =E29+H29+K29+N29+Q29+T29+W29+Z29+AC29+AF29 -> 8111.1385
A30: ='PO - REFERENCIAL (2026)'!B294 -> 9.00 | B30: REVESTIMENTOS INTERNOS E EXTERNOS | C30: ='PO - REFERENCIAL (2026)'!O294 -> 116811.16 | D30: 0 | E30: =D30*C30 -> 0 | G30: 0.3 | H30: =G30*C30 -> 35043.347 | J30: 0.3 | K30: =J30*C30 -> 35043.347 | M30: 0.3 | N30: =M30*C30 -> 35043.347 | P30: 0.1 | Q30: =P30*C30 -> 11681.116 | S30: 0 | T30: =S30*C30 -> 0 | V30: 0 | W30: =V30*C30 -> 0 | Y30: 0 | Z30: =Y30*C30 -> 0 | AB30: 0 | AC30: =AB30*C30 -> 0 | AE30: 0 | AF30: =AE30*C30 -> 0 | AH30: =D30+G30+J30+M30+P30+S30+V30+Y30+AB30+AE30 -> 1 | AI30: =E30+H30+K30+N30+Q30+T30+W30+Z30+AC30+AF30 -> 116811.16
A31: ='PO - REFERENCIAL (2026)'!B295 -> 10.0 | B31: SISTEMAS DE PISOS INTERNOS E EXTERNOS [PAVIMENTAÇÃO] | C31: ='PO - REFERENCIAL (2026)'!O295 -> 179213.57 | D31: 0 | E31: =D31*C31 -> 0 | G31: 0 | H31: =G31*C31 -> 0 | J31: 0 | K31: =J31*C31 -> 0 | M31: 0.3 | N31: =M31*C31 -> 53764.072 | P31: 0.3 | Q31: =P31*C31 -> 53764.072 | S31: 0.3 | T31: =S31*C31 -> 53764.072 | V31: 0.1 | W31: =V31*C31 -> 17921.357 | Y31: 0 | Z31: =Y31*C31 -> 0 | AB31: 0 | AC31: =AB31*C31 -> 0 | AE31: 0 | AF31: =AE31*C31 -> 0 | AH31: =D31+G31+J31+M31+P31+S31+V31+Y31+AB31+AE31 -> 1 | AI31: =E31+H31+K31+N31+Q31+T31+W31+Z31+AC31+AF31 -> 179213.57
A32: ='PO - REFERENCIAL (2026)'!B296 -> 11.0 | B32: PINTURA | C32: ='PO - REFERENCIAL (2026)'!O296 -> 115969.65 | D32: 0 | E32: =D32*C32 -> 0 | G32: 0 | H32: =G32*C32 -> 0 | J32: 0 | K32: =J32*C32 -> 0 | M32: 0 | N32: =M32*C32 -> 0 | P32: 0.2 | Q32: =P32*C32 -> 23193.931 | S32: 0.2 | T32: =S32*C32 -> 23193.931 | V32: 0.3 | W32: =V32*C32 -> 34790.896 | Y32: 0.1 | Z32: =Y32*C32 -> 11596.965 | AB32: 0.1 | AC32: =AB32*C32 -> 11596.965 | AE32: 0.1 | AF32: =AE32*C32 -> 11596.965 | AH32: =D32+G32+J32+M32+P32+S32+V32+Y32+AB32+AE32 -> 1 | AI32: =E32+H32+K32+N32+Q32+T32+W32+Z32+AC32+AF32 -> 115969.65
A33: ='PO - REFERENCIAL (2026)'!B297 -> 12.0 | B33: INSTALAÇÕES HIDRAULICAS | C33: ='PO - REFERENCIAL (2026)'!O297 -> 11877.472 | D33: 0 | E33: =D33*C33 -> 0 | G33: 0.1 | H33: =G33*C33 -> 1187.7472 | J33: 0.1 | K33: =J33*C33 -> 1187.7472 | M33: 0.1 | N33: =M33*C33 -> 1187.7472 | P33: 0.1 | Q33: =P33*C33 -> 1187.7472 | S33: 0.1 | T33: =S33*C33 -> 1187.7472 | V33: 0.2 | W33: =V33*C33 -> 2375.4944 | Y33: 0.2 | Z33: =Y33*C33 -> 2375.4944 | AB33: 0.1 | AC33: =AB33*C33 -> 1187.7472 | AE33: 0 | AF33: =AE33*C33 -> 0 | AH33: =D33+G33+J33+M33+P33+S33+V33+Y33+AB33+AE33 -> 1 | AI33: =E33+H33+K33+N33+Q33+T33+W33+Z33+AC33+AF33 -> 11877.472
... A41: ='PO - REFERENCIAL (2026)'!B305 -> 20.0 | B41: SERVIÇOS FINAIS | C41: ='PO - REFERENCIAL (2026)'!O305 -> 24528.628 | D41: 0 | E41: =D41*C41 -> 0 | G41: 0 | H41: =G41*C41 -> 0 | J41: 0 | K41: =J41*C41 -> 0 | M41: 0 | N41: =M41*C41 -> 0 | P41: 0 | Q41: =P41*C41 -> 0 | S41: 0 | T41: =S41*C41 -> 0 | V41: 0 | W41: =V41*C41 -> 0 | Y41: 0 | Z41: =Y41*C41 -> 0 | AB41: 0 | AC41: =AB41*C41 -> 0 | AE41: 1 | AF41: =AE41*C41 -> 24528.628 | AH41: =D41+G41+J41+M41+P41+S41+V41+Y41+AB41+AE41 -> 1 | AI41: =E41+H41+K41+N41+Q41+T41+W41+Z41+AC41+AF41 -> 24528.628
A42: VALOR TOTAL DO ORÇAMENTO: | C42: =SUM(C22:C41) -> 822351.63 | D42: =E42*100%/C42 -> 0.06818523 | E42: =SUM(E22:F41) -> 56072.235 | G42: =H42*100%/C42 -> 0.14464467 | H42: =SUM(H22:I41) -> 118948.78 | J42: =K42*100%/C42 -> 0.11689507 | K42: =SUM(K22:L41) -> 96128.855 | M42: =N42*100%/C42 -> 0.15994104 | N42: =SUM(N22:O41) -> 131527.77 | P42: =Q42*100%/C42 -> 0.1255742 | Q42: =SUM(Q22:R41) -> 103266.14 | S42: =T42*100%/C42 -> 0.11746034 | T42: =SUM(T22:U41) -> 96593.703 | V42: =W42*100%/C42 -> 0.10745103 | W42: =SUM(W22:X41) -> 88362.533 | Y42: =Z42*100%/C42 -> 0.053078266 | Z42: =SUM(Z22:AA41) -> 43648.998 | AB42: =AC42*100%/C42 -> 0.048173682 | AC42: =SUM(AC22:AD41) -> 39615.706 | AE42: =AF42*100%/C42 -> 0.058596464 | AF42: =SUM(AF22:AG41) -> 48186.897 | AH42: =D42+G42+J42+M42+P42+S42+V42+Y42+AB42+AE42 -> 1 | AI42: =E42+H42+K42+N42+Q42+T42+W42+Z42+AC42+AF42 -> 822351.63
G43: =G42+D42 -> 0.2128299 | H43: =H42+E42 -> 175021.02 | J43: =J42+G43 -> 0.32972498 | K43: =K42+H43 -> 271149.87 | M43: =M42+J43 -> 0.48966602 | N43: =N42+K43 -> 402677.65 | P43: =P42+M43 -> 0.61524021 | Q43: =Q42+N43 -> 505943.79 | S43: =S42+P43 -> 0.73270055 | T43: =T42+Q43 -> 602537.5 | V43: =V42+S43 -> 0.84015159 | W43: =W42+T43 -> 690900.03 | Y43: =Y42+V43 -> 0.89322985 | Z43: =Z42+W43 -> 734549.03 | AB43: =AB42+Y43 -> 0.94140354 | AC43: =AC42+Z43 -> 774164.73 | AE43: =AE42+AB43 -> 1 | AF43: =AF42+AC43 -> 822351.63

Sheet PO - FORNECEDOR
B7: PO - PLANILHA ORÇAMENTARIA
B8: Orçamento Base para Licitação
B10: AÇÃO / MODALIDADE | F10: OBJETO
B11: Projeto Padrão FNDE - Quadra coberta com vestiario (PAC 2 - 001/2013) | F11: Repactuação de obra inacabada - CONSTRUÇÃO DE QUADRA COBERTA COM VESTIARIOS - EMEB MARIA FERNANDA LOPES PIFFER
Q13: PLANILHA ORÇAMENTÁRIA DE REPACTUAÇÃO DE OBRA INACABADA
B14: PREPONENTE / TOMADOR | G14: LOCALIDADE / ENDEREÇO
B15: PREFEITURA MUNICIPAL DE BEBEDOURO SP | G15: RUA DANTE CASSANO, Nº 2736 - RESIDENCIAL ANTONIA SANTAELLA, CEP 14.711-351
B17: SINAPI - Sistema Nacional de Pesquisa de Custos e Índices da Construção Civil | L17: VALOR FNDE | O17: 536881 | S17: SiNAPi - 01/2024 | T17: BDI = 27,0000%
B18: RELATÓRIO DE CUSTOS DE COMPOSIÇÕES | H18: Mês de Referência: 01/2025 | L18: SALDO DISPONIVEL NA CONTA BANCARIA | O18: 27877.79 | S18: ENVIO EM 23/01/2025 | T18: 622167.09
B19: Localidade: SAO PAULO - SP | F19: Data de emissão: 01/10/2025 | L19: VALOR CONTRAPARTIDA | O19: =O20-(O17+O18) -> -564758.79
B20: BDI SEM desoneração (Fórmula Acórdão TCU): | G20: 0 | L20: VALOR TOTAL DA OBRA | O20: =SUM(O23:O279)/2 -> 0
Q21: SERVIÇOS DA NOVA PACTUAÇÃO
B22: Código | C22: Descrição da Composição | K22: Unid. | L22: COM desoneração | M22: QUANT. | N22: BDI % | O22: VALOR TOTAL + BDI | Q22: CÓDIGO | R22: FONTE | S22: DESCRIÇÃO DOS SERVIÇOS | T22: UNID. | U22: QUANT. | V22: $ UNIT. S/ BDI | W22: $ UNIT. C/ BDI | X22: VALOR TOTAL
B23: 1.00 | C23: SERVIÇO PRELIMINARES | O23: =SUM(O24:O34) -> 0 | Q23: =B23 -> 1.00 | S23: =C23 -> SERVIÇO PRELIMINARES
B24: 103689 | C24: FORNECIMENTO E INSTALAÇÃO DE PLACA DE OBRA COM CHAPA GALVANIZADA E ESTRUTURA DE MADEIRA. AF_03/2022_PS | K24: m2 | L24: 0 | M24: 10 | N24: 0 | O24: =M24*(L24*N24+L24) -> 0 | Q24: 103689 | R24: SINAPI | S24: FORNECIMENTO E INSTALAÇÃO DE PLACA DE OBRA COM CHAPA GALVANIZADA E ESTRUTURA DE MADEIRA. AF_03/2022_PS | T24: M2 | U24: 10 | V24: 315.25 | W24: 400.37 | X24: =U24*W24 -> 4003.7
B25: 98458 | C25: TAPUME COM COMPENSADO DE MADEIRA. AF_03/2024 | K25: m2 | L25: 0 | M25: 312.4 | N25: 0 | O25: =M25*(L25*N25+L25) -> 0 | Q25: 98458 | R25: SINAPI | S25: TAPUME COM COMPENSADO DE MADEIRA. AF_05/2018 | T25: M2 | U25: 312.4 | V25: 152.03 | W25: 193.08 | X25: =U25*W25 -> 60318.192
B26: 98455 | C26: PAREDE DE MADEIRA COMPENSADA PARA CONSTRUÇÃO TEMPORÁRIA EM CHAPA DUPLA | K26: m2 | L26: 0 | M26: 54 | N26: 0 | O26: =M26*(L26*N26+L26) -> 0 | Q26: 93207 | R26: SINAPI | S26: EXECUÇÃO DE ESCRITÓRIO EM CANTEIRO DE OBRA EM CHAPA DE MADEIRA COMPENSADA, NÃO INCLUSO MOBILIÁRIO E EQUIPAMENTOS. AF_02/2016 | T26: M2 | U26: 20 | V26: 1228.65 | W26: 1560.39 | X26: =U26*W26 -> 31207.8
B27: 98460 | C27: PISO PARA CONSTRUÇÃO TEMPORÁRIA EM MADEIRA, SEM REAPROVEITAMENTO. AF_03/2024 | K27: m2 | L27: 0 | M27: 20 | N27: 0 | O27: =M27*(L27*N27+L27) -> 0
B28: 94207 | C28: TELHAMENTO COM TELHA ONDULADA DE FIBROCIMENTO E = 6 MM, COM RECOBRIMENTO LATERAL DE 1/4 DE ONDA PARA TELHADO COM INCLINAÇÃO MAIOR QUE 10°, COM ATÉ 2 ÁGUAS, INCLUSO IÇAMENTO. AF_07/2019 | K28: m2 | L28: 0 | M28: 30 | N28: 0 | O28: =M28*(L28*N28+L28) -> 0
C29: Locação de construção de edificação com gabarito de madeira | K29: m2 | L29: 0 | M29: 0 | N29: 0.27 | O29: =M29*(L29*N29+L29) -> 0 | Q29: 74077/3 | R29: SINAPI | S29: Locação de construção de edificação com gabarito de madeira | T29: M2 | U29: 0 | V29: 0 | W29: 0 | X29: =U29*W29 -> 0
B30: 101512 | C30: ENTRADA DE ENERGIA ELÉTRICA, AÉREA, TRIFÁSICA, COM CAIXA DE EMBUTIR, CABO DE 35 MM2 E DISJUNTOR DIN 50A (NÃO INCLUSO O POSTE DE CONCRETO). AF_07/2020 | K30: Unid. | L30: 0 | M30: 1 | N30: 0 | O30: =M30*(L30*N30+L30) -> 0 | Q30: 73960/1 | R30: SINAPI | S30: Ligação provisória de energia elétrica em canteiro de obra | T30: UNID. | U30: 1 | V30: 1396.23 | W30: 1773.21 | X30: =U30*W30 -> 1773.21
C31: INSTALAÇÃO PROVISORIAS DE AGUA | K31: Unid. | L31: 0 | M31: 0 | N31: 0.27 | O31: =M31*(L31*N31+L31) -> 0 | Q31: C2851 | R31: SEINFRA | S31: INSTALAÇÕES PROVISORIAS DE AGUA | T31: UNID. | V31: 0 | W31: 0 | X31: =U31*W31 -> 0
C32: INSTALAÇÃO PROVISORIAS DE ESGOTO | K32: Unid. | L32: 0 | M32: 1 | N32: 0.27 | O32: =M32*(L32*N32+L32) -> 0 | Q32: C2849 | R32: SEINFRA | S32: INSTALAÇÕES PROVISORIAS DE ESGOTO | T32: UNID. | U32: 1 | V32: 500 | W32: 635 | X32: =U32*W32 -> 635
C33: SONDAGEM DE TERRENO [1 FURO A CADA 200M²] | K33: Unid. | L33: 0 | M33: 0 | N33: 0.27 | O33: =M33*(L33*N33+L33) -> 0 | Q33: C2290 | R33: SEINFRA | S33: SONDAGEM DE TERRENO [1 FURO A CADA 200M²] | T33: UNID. | U33: 0 | V33: 0 | W33: 0 | X33: =U33*W33 -> 0
B34: 98524 | C34: LIMPEZA MANUAL DE VEGETAÇÃO EM TERRENO COM ENXADA. AF_03/2024 | K34: m2 | L34: 0 | M34: 1230 | N34: 0 | O34: =M34*(L34*N34+L34) -> 0 | Q34: 98524 | R34: SINAPI | S34: LIMPEZA MANUAL DE VEGETAÇÃO EM TERRENO COM ENXADA.AF_05/2018 | T34: M2 | U34: 1230 | V34: 3.71 | W34: 4.71 | X34: =U34*W34 -> 5793.3
B35: 2.00 | C35: MOVIMENTO DE TERRAS PARA FUNDAÇÃO | O35: =SUM(O36:O39) -> 0 | Q35: =B35 -> 2.00 | S35: =C35 -> MOVIMENTO DE TERRAS PARA FUNDAÇÃO
B36: 55835 | C36: Aterro apiloado em camadas de 0,20 m com material argiloso - arenoso (entre baldrames) | K36: M3 | L36: 0 | M36: 0 | N36: 0.27 | O36: =M36*(L36*N36+L36) -> 0 | Q36: 55835 | R36: SINAPI | S36: Aterro apiloado em camadas de 0,20 m com material argiloso - arenoso (entre baldrames) | T36: M3 | U36: 0 | V36: 0 | W36: 0 | X36: =U36*W36 -> 0
B37: 73965/10 | C37: Escavação manual de valas em qualquer terreno exceto rocha até h=1,50 m | K37: M3 | L37: 0 | M37: 0 | N37: 0.27 | O37: =M37*(L37*N37+L37) -> 0 | Q37: 73965/10 | R37: SINAPI | S37: Escavação manual de valas em qualquer terreno exceto rocha até h=1,50 m | T37: M3 | U37: 0 | V37: 0 | W37: 0 | X37: =U37*W37 -> 0
B38: 79483 | C38: Regularização e compactação do fundo de valas | K38: M2 | L38: 0 | M38: 0 | N38: 0.27 | O38: =M38*(L38*N38+L38) -> 0 | Q38: 79483 | R38: SINAPI | S38: Regularização e compactação do fundo de valas | T38: M2 | U38: 0 | V38: 0 | W38: 0 | X38: =U38*W38 -> 0
B39: 53527 | C39: Reaterro apiloado de vala com material da obra | K39: M3 | L39: 0 | M39: 0 | N39: 0.27 | O39: =M39*(L39*N39+L39) -> 0 | Q39: 53527 | R39: SINAPI | S39: Reaterro apiloado de vala com material da obra | T39: M3 | U39: 0 | V39: 0 | W39: 0 | X39: =U39*W39 -> 0
B40: 3.00 | C40: FUNDÇÕES | O40: =SUM(O41:O51) -> 0 | Q40: =B40 -> 3.00 | S40: =C40 -> FUNDÇÕES
C41: CONCRETO ARMADO PARA FUNDAÇÕES - SAPATAS | S41: =C41 -> CONCRETO ARMADO PARA FUNDAÇÕES - SAPATAS
B42: 73907/6 | C42: Lastro de concreto magro (e=3,0 cm) - preparo mecânico | K42: m2 | L42: 0 | M42: 0 | N42: 0.27 | O42: =M42*(L42*N42+L42) -> 0 | Q42: 73907/6 | R42: SINAPI | S42: Lastro de concreto magro (e=3,0 cm) - preparo mecânico | T42: m2 | U42: 0 | X42: =U42*W42 -> 0
B43: 5651 | C43: Forma de madeira comum para Fundações - reaproveitamento 5X | K43: m2 | L43: 0 | M43: 0 | N43: 0.27 | O43: =M43*(L43*N43+L43) -> 0 | Q43: 5651 | R43: SINAPI | S43: Forma de madeira comum para Fundações - reaproveitamento 5X | T43: m2 | U43: 0 | V43: 0 | W43: 0 | X43: =U43*W43 -> 0
B44: 74254/2 | C44: Armação aço CA-50, Diam. 6,3 (1/4) á 12,5mm(1/2) -Fornecimento/corte perda de 10%) / dobra / colocação. | K44: kg | L44: 0 | M44: 0 | N44: 0.27 | O44: =M44*(L44*N44+L44) -> 0 | Q44: 74254/2 | R44: SINAPI | S44: Armação aço CA-50, Diam. 6,3 (1/4) á 12,5mm(1/2) -Fornecimento/corte perda de 10%) / dobra / colocação. | T44: kg | U44: 0 | V44: 0 | W44: 0 | X44: =U44*W44 -> 0
B45: 73942/2 | C45: Armação de aço CA-60 Diam. 3,4 a 6,0mm-Fornecimento/corte perda de 10%) / dobra / colocação. | K45: kg | L45: 0 | M45: 0 | N45: 0.27 | O45: =M45*(L45*N45+L45) -> 0 | Q45: 73942/2 | R45: SINAPI | S45: Armação de aço CA-60 Diam. 3,4 a 6,0mm-Fornecimento/corte perda de 10%) / dobra / colocação. | T45: kg | U45: 0 | V45: 0 | W45: 0 | X45: =U45*W45 -> 0
B46: 74138/3 | C46: Concreto para Fundação fck=25MPa, incluindo preparo, lançamento, adensamento. | K46: m3 | L46: 0 | M46: 0 | N46: 0.27 | O46: =M46*(L46*N46+L46) -> 0 | Q46: 74138/3 | R46: SINAPI | S46: Concreto para Fundação fck=25MPa, incluindo preparo, lançamento, adensamento. | T46: m3 | U46: 0 | V46: 0 | W46: 0 | X46: =U46*W46 -> 0
C47: CONCRETO ARMADO PARA FUNDAÇÕES - VIGAS BALDRAMES | S47: =C47 -> CONCRETO ARMADO PARA FUNDAÇÕES - VIGAS BALDRAMES
B48: 5651 | C48: Forma de madeira comum para Fundções - reaproveitamento 5X | K48: M2 | L48: 0 | M48: 0 | N48: 0.27 | O48: =M48*(L48*N48+L48) -> 0 | Q48: 5651 | R48: SINAPI | S48: Forma de madeira comum para Fundções - reaproveitamento 5X | T48: M2 | U48: 0 | V48: 0 | W48: 0 | X48: =U48*W48 -> 0
B49: 74254/2 | C49: Armação aço CA-50, Diam. 6,3 (1/4) á 12,5mm(1/2) -Fornecimento/corte perda de 10%) / dobra / colocação. | K49: KG | L49: 0 | M49: 0 | N49: 0.27 | O49: =M49*(L49*N49+L49) -> 0 | Q49: 74254/2 | R49: SINAPI | S49: Armação aço CA-50, Diam. 6,3 (1/4) á 12,5mm(1/2) -Fornecimento/corte perda de 10%) / dobra / colocação. | T49: KG | U49: 0 | V49: 0 | W49: 0 | X49: =U49*W49 -> 0
B50: 73942/2 | C50: Armação de aço CA-60 Diam. 3,4 a 6,0mm-Fornecimento/corte perda de 10%) / dobra / colocação. | K50: KG | L50: 0 | M50: 0 | N50: 0.27 | O50: =M50*(L50*N50+L50) -> 0 | Q50: 73942/2 | R50: SINAPI | S50: Armação de aço CA-60 Diam. 3,4 a 6,0mm-Fornecimento/corte perda de 10%) / dobra / colocação | T50: KG | U50: 0 | V50: 0 | W50: 0 | X50: =U50*W50 -> 0
B51: 74138/3 | C51: Concreto para Fundação fck=25MPa, incluindo preparo, lançamento, adensamento. | K51: M3 | L51: 0 | M51: 0 | N51: 0.27 | O51: =M51*(L51*N51+L51) -> 0 | Q51: 74138/3 | R51: SINAPI | S51: Concreto para Fundação fck=25MPa, incluindo preparo, lançamento, adensamento. | T51: M3 | U51: 0 | V51: 0 | W51: 0 | X51: =U51*W51 -> 0
B52: 4.00 | C52: SUPERESTRUTURA | O52: =SUM(O53:O76) -> 0 | Q52: =B52 -> 4.00 | S52: =C52 -> SUPERESTRUTURA
C53: CONCRETO ARMADO - VIGAS | S53: =C53 -> CONCRETO ARMADO - VIGAS
B54: 84219 | C54: Forma de madeira para estrutura de concreto - reaproveitamento 5X | K54: M2 | L54: 0 | M54: 0 | N54: 0.27 | O54: =M54*(L54*N54+L54) -> 0 | Q54: 84219 | R54: SINAPI | S54: Forma de madeira comum para Fundções - reaproveitamento 5X | T54: M2 | U54: 0 | V54: 0 | W54: 0 | X54: =U54*W54 -> 0
B55: 74254/2 | C55: Armação aço CA-50, Diam. 6,3 (1/4) á 12,5mm(1/2) -Fornecimento/corte perda de 10%) / dobra / colocação. | K55: KG | L55: 0 | M55: 0 | N55: 0.27 | O55: =M55*(L55*N55+L55) -> 0 | Q55: 74254/2 | R55: SINAPI | S55: Armação aço CA-50, Diam. 6,3 (1/4) á 12,5mm(1/2) -Fornecimento/corte perda de 10%) / dobra / colocação. | T55: KG | U55: 0 | V55: 0 | W55: 0 | X55: =U55*W55 -> 0
B56: 73942/2 | C56: Armação de aço CA-60 Diam. 3,4 a 6,0mm-Fornecimento/corte perda de 10%) / dobra / colocação. | K56: KG | L56: 0 | M56: 0 | N56: 0.27 | O56: =M56*(L56*N56+L56) -> 0 | Q56: 73942/2 | R56: SINAPI | S56: Armação de aço CA-60 Diam. 3,4 a 6,0mm-Fornecimento/corte perda de 10%) / dobra / colocação | T56: KG | U56: 0 | V56: 0 | W56: 0 | X56: =U56*W56 -> 0
B57: 74138/3 | C57: Concreto para Estrutura fck=25MPa, incluindo preparo, lançamento, adensamento. | K57: M3 | L57: 0 | M57: 0 | N57: 0.27 | O57: =M57*(L57*N57+L57) -> 0 | Q57: 74138/3 | R57: SINAPI | S57: Concreto para Fundação fck=25MPa, incluindo preparo, lançamento, adensamento. | T57: M3 | U57: 0 | V57: 0 | W57: 0 | X57: =U57*W57 -> 0
C58: CONCRETO ARMADO - LAJES E PILARES | S58: =C58 -> CONCRETO ARMADO - LAJES E PILARES
B59: 84219 | C59: Forma de madeira para estrutura de concreto - reaproveitamento 5X | K59: M2 | L59: 0 | M59: 0 | N59: 0.27 | O59: =M59*(L59*N59+L59) -> 0 | Q59: 84219 | R59: SINAPI | S59: Forma de madeira comum para Fundções - reaproveitamento 5X | T59: M2 | U59: 0 | V59: 0 | W59: 0 | X59: =U59*W59 -> 0
B60: 74254/2 | C60: Armação aço CA-50, Diam. 6,3 (1/4) á 12,5mm(1/2) -Fornecimento/corte perda de 10%) / dobra / colocação. | K60: KG | L60: 0 | M60: 0 | N60: 0.27 | O60: =M60*(L60*N60+L60) -> 0 | Q60: 74254/2 | R60: SINAPI | S60: Armação aço CA-50, Diam. 6,3 (1/4) á 12,5mm(1/2) -Fornecimento/corte perda de 10%) / dobra / colocação. | T60: KG | U60: 0 | V60: 0 | W60: 0 | X60: =U60*W60 -> 0
B61: 73942/2 | C61: Armação de aço CA-60 Diam. 3,4 a 6,0mm-Fornecimento/corte perda de 10%) / dobra / colocação. | K61: KG | L61: 0 | M61: 0 | N61: 0.27 | O61: =M61*(L61*N61+L61) -> 0 | Q61: 73942/2 | R61: SINAPI | S61: Armação de aço CA-60 Diam. 3,4 a 6,0mm-Fornecimento/corte perda de 10%) / dobra / colocação | T61: KG | U61: 0 | V61: 0 | W61: 0 | X61: =U61*W61 -> 0
B62: 74138/3 | C62: Concreto para Estrutura fck=25MPa, incluindo preparo, lançamento, adensamento. | K62: M3 | L62: 0 | M62: 0 | N62: 0.27 | O62: =M62*(L62*N62+L62) -> 0 | Q62: 74138/3 | R62: SINAPI | S62: Concreto para Fundação fck=25MPa, incluindo preparo, lançamento, adensamento. | T62: M3 | U62: 0 | V62: 0 | W62: 0 | X62: =U62*W62 -> 0
C63: CONCRETO ARMADO - ARQUIBANCADAS E BANCO | S63: =C63 -> CONCRETO ARMADO - ARQUIBANCADAS E BANCO
B64: 92263 | C64: FABRICAÇÃO DE FÔRMA PARA PILARES E ESTRUTURAS SIMILARES, EM CHAPA DE MADEIRA COMPENSADA RESINADA, E = 17 MM. AF_09/2020 | K64: M2 | L64: 0 | M64: 0 | N64: 0.27 | O64: =M64*(L64*N64+L64) -> 0 | Q64: 92263 | R64: SINAPI | S64: FABRICAÇÃO DE FÔRMA PARA PILARES E ESTRUTURAS SIMILARES, EM CHAPA DE MADEIRA COMPENSADA RESINADA, E = 17 MM. AF_09/2020 | U64: 0 | V64: 0 | W64: 0 | X64: =U64*W64 -> 0
B65: 92916 | C65: ARMAÇÃO DE ESTRUTURAS DIVERSAS DE CONCRETO ARMADO, EXCETO VIGAS, PILARES, LAJES E FUNDAÇÕES, UTILIZANDO AÇO CA-50 DE 6,3 MM | K65: KG | L65: 0 | M65: 0 | N65: 0.27 | O65: =M65*(L65*N65+L65) -> 0 | Q65: 92916 | R65: SINAPI | S65: ARMAÇÃO DE ESTRUTURAS DIVERSAS DE CONCRETO ARMADO, EXCETO VIGAS, PILARES, LAJES E FUNDAÇÕES, UTILIZANDO AÇO CA-50 DE 6,3 MM | T65: KG | U65: 0 | V65: 0 | W65: 0 | X65: =U65*W65 -> 0
B66: 92915 | C66: ARMAÇÃO DE ESTRUTURAS DIVERSAS DE CONCRETO ARMADO, EXCETO VIGAS, PILARES, LAJES E FUNDAÇÕES, UTILIZANDO AÇO CA-60 DE 5,0 MM | K66: KG | L66: 0 | M66: 0 | N66: 0.27 | O66: =M66*(L66*N66+L66) -> 0 | Q66: 92915 | R66: SINAPI | S66: ARMAÇÃO DE ESTRUTURAS DIVERSAS DE CONCRETO ARMADO, EXCETO VIGAS, PILARES, LAJES E FUNDAÇÕES, UTILIZANDO AÇO CA-60 DE 5,0 MM | T66: KG | U66: 0 | V66: 0 | W66: 0 | X66: =U66*W66 -> 0
B67: 103674 | C67: CONCRETAGEM DE VIGAS E LAJES, FCK=25 MPA, PARA LAJES PREMOLDADAS COM USO DE BOMBA - LANÇAMENTO, ADENSAMENTO | K67: M3 | L67: 0 | M67: 0 | N67: 0.27 | O67: =M67*(L67*N67+L67) -> 0 | Q67: 103674 | R67: SINAPI | S67: CONCRETAGEM DE VIGAS E LAJES, FCK=25 MPA, PARA LAJES PREMOLDADAS COM USO DE BOMBA - LANÇAMENTO, ADENSAMENTO | T67: M3 | U67: 0 | V67: 0 | W67: 0 | X67: =U67*W67 -> 0
B68: 96385 | C68: EXECUÇÃO E COMPACTAÇÃO DE ATERRO COM SOLO EXCLUSIVE SOLO, ESCAVAÇÃO, CARGA E TRANSPORTE. AF_11/2019 | K68: M3 | L68: 0 | M68: 0 | N68: 0.27 | O68: =M68*(L68*N68+L68) -> 0 | Q68: 96385 | R68: SINAPI | S68: EXECUÇÃO E COMPACTAÇÃO DE ATERRO COM SOLO EXCLUSIVE SOLO, ESCAVAÇÃO, CARGA E TRANSPORTE. AF_11/2019 | T68: M3 | U68: 0 | V68: 0 | W68: 0 | X68: =U68*W68 -> 0
C69: CONCRETO ARMADO - VERGAS | S69: =C69 -> CONCRETO ARMADO - VERGAS
B70: 83901 | C70: Verga pré-moldada em concreto armado fck=15Mpa = 10x10 | K70: M | L70: 0 | M70: 0 | N70: 0.27 | O70: =M70*(L70*N70+L70) -> 0 | Q70: 83901 | R70: SINAPI | S70: Verga pré-moldada em concreto armado fck=15Mpa = 10x10 | T70: M | U70: 0 | V70: 0 | W70: 0 | X70: =U70*W70 -> 0
C71: CONCRETO ARMADO - LAJE DE PISO | S71: =C71 -> CONCRETO ARMADO - LAJE DE PISO
B72: 92263 | C72: FABRICAÇÃO DE FÔRMA PARA PILARES E ESTRUTURAS SIMILARES, EM CHAPA DE MADEIRA COMPENSADA RESINADA, E = 17 MM. AF_09/2020 | K72: M2 | L72: 0 | M72: 10.8 | N72: 0 | O72: =M72*(L72*N72+L72) -> 0 | Q72: 92263 | R72: SINAPI | S72: FABRICAÇÃO DE FÔRMA PARA PILARES E ESTRUTURAS SIMILARES, EM CHAPA DE MADEIRA COMPENSADA RESINADA, E = 17 MM. AF_09/2020 | T72: M2 | U72: 10.8 | V72: 149.99 | W72: 190.49 | X72: =U72*W72 -> 2057.292
B73: 96622 | C73: LASTRO COM MATERIAL GRANULAR, APLICADO EM PISOS OU LAJES SOBRE SOLO, ESPESSURA DE *5 CM*. AF_01/2024 | K73: M3 | L73: 0 | M73: 33.83 | N73: 0 | O73: =M73*(L73*N73+L73) -> 0 | Q73: 96622 | R73: SINAPI | S73: LASTRO COM MATERIAL GRANULAR, APLICADO EM PISOS OU LAJES SOBRE SOLO, ESPESSURA DE *5 CM*. AF_08/2017 | T73: M3 | U73: 33.83 | V73: 124.99 | W73: 158.74 | X73: =U73*W73 -> 5370.1742
B74: 97113 | C74: APLICAÇÃO DE LONA PLÁSTICA PARA EXECUÇÃO DE PAVIMENTOS DE CONCRETO. AF_04/2022 | K74: M2 | L74: 0 | M74: 676.67 | N74: 0 | O74: =M74*(L74*N74+L74) -> 0 | Q74: 97113 | R74: SINAPI | S74: APLICAÇÃO DE LONA PLÁSTICA PARA EXECUÇÃO DE PAVIMENTOS DE CONCRETO. AF_04/2022 | T74: M2 | U74: 676.67 | V74: 1.82 | W74: 2.31 | X74: =U74*W74 -> 1563.1077
B75: 97088 | C75: ARMAÇÃO PARA EXECUÇÃO DE RADIER, PISO DE CONCRETO OU LAJE SOBRE SOLO, COM USO DE TELA Q-92. AF_09/2021 | K75: KG | L75: 0 | M75: 1001.47 | N75: 0 | O75: =M75*(L75*N75+L75) -> 0 | Q75: 97088 | R75: SINAPI | S75: ARMAÇÃO PARA EXECUÇÃO DE RADIER, PISO DE CONCRETO OU LAJE SOBRE SOLO, COM USO DE TELA Q-92. AF_09/2021 | T75: KG | U75: 1001.47 | V75: 14.57 | W75: 18.5 | X75: =U75*W75 -> 18527.195
B76: 103674 | C76: CONCRETAGEM DE VIGAS E LAJES, FCK=25 MPA, PARA LAJES PREMOLDADAS COM USO DE BOMBA - LANÇAMENTO, ADENSAMENTO E ACABAMENTO. AF_02/2022_PS | K76: M3 | L76: 0 | M76: 27.07 | N76: 0 | O76: =M76*(L76*N76+L76) -> 0 | Q76: 103674 | R76: SINAPI | S76: CONCRETAGEM DE VIGAS E LAJES, FCK=25 MPA, PARA LAJES PREMOLDADAS COM USO DE BOMBA - LANÇAMENTO, ADENSAMENTO E | T76: M3 | U76: 27.07 | V76: 596.95 | W76: 758.13 | X76: =U76*W76 -> 20522.579
B77: 5.00 | C77: SISTEMA DE VEDAÇÃO VERTICAL INTERNO E EXTERNO [PAREDES] | O77: =SUM(O78:O84) -> 0 | Q77: =B77 -> 5.00 | S77: =C77 -> SISTEMA DE VEDAÇÃO VERTICAL INTERNO E EXTERNO [PAREDES]
B78: 87504 | C78: Alvenaria de vedação de 1/2 vez em tijolos cerâmicos de 08 furos (dimensões nominais: 19x19x09); assentamento em argamassa no traço | K78: M2 | L78: 0 | M78: 0 | N78: 0.27 | O78: =M78*(L78*N78+L78) -> 0 | Q78: 87504 | R78: SINAPI | S78: Alvenaria de vedação de 1/2 vez em tijolos cerâmicos de 08 furos (dimensões nominais: 19x19x09); assentamento em argamassa no traço 1:2:8 (cimento, cal | T78: M2 | U78: 0 | V78: 0 | W78: 0 | X78: =U78*W78 -> 0
B79: 73988/1 | C79: Encunhamento (aperto de alvenaria) em tijolo cerâmicos maciços 5x10x20cm 1 vez (esp. 20cm), assentamento c/ argamassa traço1:6 (cimento e areia) | K79: M2 | L79: 0 | M79: 0 | N79: 0.27 | O79: =M79*(L79*N79+L79) -> 0 | Q79: 73988/1 | R79: SINAPI | S79: Encunhamento (aperto de alvenaria) em tijolo cerâmicos maciços 5x10x20cm 1 vez (esp. 20cm), assentamento c/ argamassa traço1:6 (cimento e areia) | T79: M2 | U79: 0 | V79: 0 | W79: 0 | X79: =U79*W79 -> 0
B80: 101161 | C80: ALVENARIA DE VEDAÇÃO COM ELEMENTO VAZADO DE CONCRETO (COBOGÓ) DE 7X50X50CM E ARGAMASSA DE ASSENTAMENTO COM PREPARO EM BETONEIRA. AF_05/2020 | K80: M2 | L80: 0 | M80: 134.72 | N80: 0 | O80: =M80*(L80*N80+L80) -> 0 | Q80: 101161 | R80: SINAPI | S80: ALVENARIA DE VEDAÇÃO COM ELEMENTO VAZADO DE CONCRETO (COBOGÓ) DE 7X50X50CM E ARGAMASSA DE ASSENTAMENTO COM PREPARO EM BETONEIRA. AF_05/2020 | T80: M2 | U80: 134.72 | V80: 231.66 | W80: 294.21 | X80: =U80*W80 -> 39635.971
C81: ALVENARIA - ARQUIBANCADAS | S81: =C81 -> ALVENARIA - ARQUIBANCADAS
B82: 103341 | C82: ALVENARIA DE VEDAÇÃO DE BLOCOS VAZADOS DE CONCRETO APARENTE DE 19X19X39 CM (ESPESSURA 19 CM) E ARGAMASSA DE ASSENTAMENTO COM PREPARO MANUAL. AF_12/2021 | K82: M2 | L82: 0 | M82: 148.08 | N82: 0 | O82: =M82*(L82*N82+L82) -> 0 | Q82: 103341 | R82: SINAPI | S82: ALVENARIA DE VEDAÇÃO DE BLOCOS VAZADOS DE CONCRETO APARENTE DE 19X19X39 CM (ESPESSURA 19 CM) E ARGAMASSA DE ASSENTAMENTO COM PREPARO MANUAL | T82: M2 | U82: 148.08 | V82: 140.55 | W82: 178.5 | X82: =U82*W82 -> 26432.28
C83: ALVENARIA - DIVISARIAS VESTIARIOS. AF 12/2021 | S83: =C83 -> ALVENARIA - DIVISARIAS VESTIARIOS. AF 12/2021
B84: 87504 | C84: Alvenaria de vedação de 1/2 vez em tijolos cerâmicos de 08 furos (dimensões nominais: 19x19x09); assentamento em argamassa no traço | K84: M2 | L84: 0 | M84: 0 | N84: 0.27 | O84: =M84*(L84*N84+L84) -> 0 | Q84: 87504 | R84: SINAPI | S84: Alvenaria de vedação de 1/2 vez em tijolos cerâmicos de 08 furos (dimensões nominais: 19x19x09); assentamento em argamassa no traço 1:2:8 (cimento, cal | T84: M2 | U84: 0 | V84: 0 | W84: 0 | X84: =U84*W84 -> 0
B85: 6.00 | C85: ESQUADRIAS | O85: =SUM(O86:O99) -> 0 | Q85: =B85 -> 6.00 | S85: =C85 -> ESQUADRIAS
C86: PORTAS DE MADEIRA | S86: =C86 -> PORTAS DE MADEIRA
B87: 90850 | C87: KIT DE PORTA DE MADEIRA PARA PINTURA, SEMI-OCA (LEVE OU MÉDIA), PADRÃO MÉDIO, 90X210CM, ESPESSURA DE 3,5CM, ITENS INCLUSOS: DOBRADIÇAS, MONTAGEM E INSTALAÇÃO DO BATENTE, SEM FECHADURA - FORNECIMENTO E INSTALAÇÃO. AF_12/2019 | K87: Unid. | L87: 0 | M87: 2 | N87: 0 | O87: =M87*(L87*N87+L87) -> 0 | Q87: 90850 | R87: SINAPI | S87: KIT DE PORTA DE MADEIRA PARA PINTURA, SEMI-OCA (LEVE OU MÉDIA), PADRÃO MÉDIO, 90X210CM, ESPESSURA DE 3,5CM, ITENS INCLUSOS: DOBRADIÇAS, MONTAGEM E INSTALAÇÃO DO BATENTE, SEM FECHADURA - FORNECIMENTO E INSTALAÇÃO. AF_12/2019 | T87: UNID. | U87: 2 | V87: 1141.79 | W87: 1450.07 | X87: =U87*W87 -> 2900.14
B88: 3425 | C88: BANDEIRAS PARA PORTA (1,00X0,80 M ) PARA VIDRO | K88: Unid. | L88: 0 | M88: 0 | N88: 0.27 | O88: =M88*(L88*N88+L88) -> 0 | Q88: 3425 | R88: SINAPI | S88: BANDEIRAS PARA PORTA (1,00X0,80 M ) PARA VIDRO | T88: UNID. | U88: 0 | V88: 0 | W88: 0 | X88: =U88*W88 -> 0
B89: 90850 | C89: KIT DE PORTA DE MADEIRA PARA PINTURA, SEMI-OCA (LEVE OU MÉDIA), PADRÃO MÉDIO, 90X210CM, ESPESSURA DE 3,5CM, ITENS INCLUSOS: DOBRADIÇAS, MONTAGEM E INSTALAÇÃO DO BATENTE, SEM FECHADURA - FORNECIMENTO E INSTALAÇÃO. AF_12/2019 | K89: Unid. | L89: 0 | M89: 1 | N89: 0 | O89: =M89*(L89*N89+L89) -> 0 | Q89: 90850 | R89: SINAPI | S89: KIT DE PORTA DE MADEIRA PARA PINTURA, SEMI-OCA (LEVE OU MÉDIA), PADRÃO MÉDIO, 90X210CM, ESPESSURA DE 3,5CM, ITENS INCLUSOS: DOBRADIÇAS, MONTAGEM E INSTALAÇÃO DO BATENTE, SEM FECHADURA - FORNECIMENTO E INSTALAÇÃO. AF_12/2019 | T89: UNID. | U89: 1 | V89: 1141.79 | W89: 1450.07 | X89: =U89*W89 -> 1450.07
B90: 90788 | C90: KIT DE PORTA-PRONTA DE MADEIRA EM ACABAMENTO MELAMÍNICO BRANCO, FOLHA LEVE OU MÉDIA, 60X210CM, EXCLUSIVE FECHADURA, FIXAÇÃO COM PREENCHIMENTO PARCIAL DE ESPUMA EXPANSIVA - FORNECIMENTO E INSTALAÇÃO. AF_12/2019 | K90: Unid. | L90: 0 | M90: 2 | N90: 0 | O90: =M90*(L90*N90+L90) -> 0 | Q90: 90788 | R90: SINAPI | S90: 90788 KIT DE PORTA-PRONTA DE MADEIRA EM ACABAMENTO MELAMÍNICO BRANCO, FOLHA LEVE OU MÉDIA, 60X210CM, EXCLUSIVE FECHADURA, FIXAÇÃO COM PREENCHIMENTO PARCIAL DE ESPUMA EXPANSIVA - FORNECIMENTO E INSTALAÇÃO. AF_12/2019 | T90: UNID. | U90: 2 | V90: 895.92 | W90: 1137.82 | X90: =U90*W90 -> 2275.64
B91: 90797 | C91: KIT DE PORTA-PRONTA DE MADEIRA EM ACABAMENTO MELAMÍNICO BRANCO, FOLHA LEVE OU MÉDIA, E BATENTE METÁLICO, 90X210CM, FIXAÇÃO COM ARGAMASSA - FORNECIMENTO E INSTALAÇÃO. AF_12/2019 | K91: Unid. | L91: 0 | M91: 4 | N91: 0 | O91: =M91*(L91*N91+L91) -> 0 | Q91: 90797 | R91: SINAPI | S91: KIT DE PORTA-PRONTA DE MADEIRA EM ACABAMENTO MELAMÍNICO BRANCO, FOLHA LEVE OU MÉDIA, E BATENTE METÁLICO, 90X210CM, | T91: UNID. | U91: 4 | V91: 799.44 | W91: 1015.29 | X91: =U91*W91 -> 4061.16
C92: FERRAGENS E ACESSORIOS | S92: =C92 -> FERRAGENS E ACESSORIOS
B93: 90830 | C93: FECHADURA DE EMBUTIR COM CILINDRO, EXTERNA, COMPLETA, ACABAMENTO PADRÃO MÉDIO, INCLUSO EXECUÇÃO DE FURO - FORNECIMENTO E INSTALAÇÃO. AF_12/2019 | K93: Unid. | L93: 0 | M93: 3 | N93: 0 | O93: =M93*(L93*N93+L93) -> 0 | Q93: 90830 | R93: SINAPI | S93: FECHADURA DE EMBUTIR COM CILINDRO, EXTERNA, COMPLETA, ACABAMENTO PADRÃO MÉDIO, INCLUSO EXECUÇÃO DE FURO - FORNECIMENTO E INSTALAÇÃO. AF_12/2019 | T93: UNID. | U93: 3 | V93: 245.52 | W93: 311.81 | X93: =U93*W93 -> 935.43
B94: 90831 | C94: FECHADURA DE EMBUTIR PARA PORTA DE BANHEIRO, COMPLETA, ACABAMENTO PADRÃO MÉDIO, INCLUSO EXECUÇÃO DE FURO - FORNECIMENTO E INSTALAÇÃO. AF_12/2019 | K94: Unid. | L94: 0 | M94: 6 | N94: 0 | O94: =M94*(L94*N94+L94) -> 0 | Q94: 90831 | R94: SINAPI | S94: FECHADURA DE EMBUTIR PARA PORTA DE BANHEIRO, COMPLETA, ACABAMENTO PADRÃO MÉDIO, INCLUSO EXECUÇÃO DE FURO - FORNECIMENTO E INSTALAÇÃO. AF_12/2019 | T94: UNID. | U94: 6 | V94: 216.62 | W94: 275.11 | X94: =U94*W94 -> 1650.66
C95: JANELAS DE ALUMINIO | S95: =C95 -> JANELAS DE ALUMINIO
B96: 94569 | C96: JANELA DE ALUMÍNIO TIPO MAXIM-AR, COM VIDROS, BATENTE E FERRAGENS, EXCLUSIVE ALIZAR, ACABAMENTO E CONTRAMARCO, FIXAÇÃO COM PARAFUSO. FORNECIMENTO E INSTALAÇÃO. AF_11/2024 | K96: M2 | L96: 0 | M96: 11.04 | N96: 0 | O96: =M96*(L96*N96+L96) -> 0 | Q96: 94589 | R96: SINAPI | S96: JANELA DE ALUMÍNIO TIPO MAXIM-AR, COM VIDROS, BATENTE E FERRAGENS. EXCLUSIVE ALIZAR, ACABAMENTO E CONTRAMARCO. FORNECIMENTO E INSTALAÇÃO. AF_12/2019 | T96: M2 | U96: 11.04 | V96: 653.14 | W96: 829.49 | X96: =U96*W96 -> 9157.5696
C97: VIDROS | S97: =C97 -> VIDROS
B98: 102166 | C98: INSTALAÇÃO DE VIDRO LISO INCOLOR, E = 6 MM, EM ESQUADRIA DE ALUMÍNIO OU PVC, FIXADO COM BAGUETE. AF_01/2021_PS | K98: M2 | L98: 0 | M98: 0 | N98: 0.27 | O98: 0 | Q98: 102166 | R98: SINAPI | S98: INSTALAÇÃO DE VIDRO LISO INCOLOR, E = 6 MM, EM ESQUADRIA DE ALUMÍNIO OU PVC, FIXADO COM BAGUETE. AF_01/2021_PS | T98: M2 | U98: 0 | V98: 0 | W98: 0 | X98: 0
B99: 102166 | C99: INSTALAÇÃO DE VIDRO LISO INCOLOR, E = 6 MM, EM ESQUADRIA DE ALUMÍNIO OU PVC, FIXADO COM BAGUETE. AF_01/2021_PS | K99: M2 | L99: 0 | M99: 3.24 | N99: 0 | O99: =M99*(L99*N99+L99) -> 0 | Q99: 102166 | R99: SINAPI | S99: INSTALAÇÃO DE VIDRO LISO INCOLOR, E = 6 MM, EM ESQUADRIA DE ALUMÍNIO OU PVC, FIXADO COM BAGUETE. AF_01/2021_PS | T99: M2 | U99: 3.24 | V99: 317.16 | W99: 402.79 | X99: =U99*W99 -> 1305.0396
B100: 7.00 | C100: SISTEMA DE COBERTURA | O100: =SUM(O101:O102) -> 0 | Q100: =B100 -> 7.00 | S100: =C100 -> SISTEMA DE COBERTURA
B101: 84038 | C101: Cobertura em telha metálica ondulada 5mm - pré pintada - cor: branca | K101: M2 | L101: 0 | M101: 0 | N101: 0.27 | O101: =M101*(L101*N101+L101) -> 0 | Q101: 84038 | R101: SINAPI | S101: Cobertura em telha metálica ondulada 5mm - pré pintada - cor: branca | T101: M2 | U101: 0 | V101: 0 | W101: 0 | X101: =U101*W101 -> 0
B102: 73970/2 | C102: Fornecimento e montagem de estrutura metálica conf. Projeto espec. | K102: KG | L102: 0 | M102: 0 | N102: 0.27 | O102: =M102*(L102*N102+L102) -> 0 | Q102: 73970/2 | R102: SINAPI | S102: Fornecimento e montagem de estrutura metálica conf. Projeto espec. | T102: KG | U102: 0 | V102: 0 | W102: 0 | X102: =U102*W102 -> 0
B103: 8.00 | C103: IMPERMEABILIZAÇÃO | O103: =O104 -> 0 | Q103: =B103 -> 8.00 | S103: =C103 -> IMPERMEABILIZAÇÃO
B104: 98557 | C104: IMPERMEABILIZAÇÃO DE SUPERFÍCIE COM EMULSÃO ASFÁLTICA, 2 DEMÃOS. AF_09/2023 | K104: M2 | L104: 0 | M104: 139.57 | N104: 0 | O104: =M104*(L104*N104+L104) -> 0 | Q104: 98557 | R104: SINAPI | S104: IMPERMEABILIZAÇÃO DE SUPERFÍCIE COM EMULSÃO ASFÁLTICA, 2 DEMÃOS. AF_09/2023 | T104: M2 | U104: 139.57 | V104: 47.18 | W104: 59.92 | X104: =U104*W104 -> 8363.0344
B105: 9.00 | C105: REVESTIMENTOS INTERNOS E EXTERNOS | O105: =SUM(O106:O119) -> 0 | Q105: =B105 -> 9.00 | S105: =C105 -> REVESTIMENTOS INTERNOS E EXTERNOS
B106: 87869 | C106: Chapisco em paredes em geral com argamassa traço - 1:3 (cimento / areia) | K106: M2 | L106: 0 | M106: 0 | N106: 0.27 | O106: =M106*(L106*N106+L106) -> 0 | Q106: 87869 | R106: SINAPI | S106: Chapisco em paredes em geral com argamassa traço - 1:3 (cimento / areia | T106: M2 | U106: 0 | V106: 0 | W106: 0 | X106: =U106*W106 -> 0
B107: 87882 | C107: CHAPISCO APLICADO NO TETO OU EM ALVENARIA E ESTRUTURA, COM ROLO PARA TEXTURA ACRÍLICA. ARGAMASSA TRAÇO 1:4 E EMULSÃO POLIMÉRICA (ADESIVO) COM PREPARO EM BETONEIRA 400L. AF_10/2022 | K107: M2 | L107: 0 | M107: 84.33 | N107: 0 | O107: =M107*(L107*N107+L107) -> 0 | Q107: 87882 | R107: SINAPI | S107: CHAPISCO APLICADO NO TETO OU EM ALVENARIA E ESTRUTURA, COM ROLO PARA TEXTURA ACRÍLICA. ARGAMASSA TRAÇO 1:4 E EMULSÃO POLIMÉRICA (ADESIVO) COPREPARO EM BETONEIRA 400L. AF_10/2022 | T107: M2 | U107: 84.33 | V107: 6.92 | W107: 8.79 | X107: =U107*W107 -> 741.2607
B108: 87554 | C108: EMBOÇO, EM ARGAMASSA TRAÇO 1:2:8, PREPARO MANUAL, APLICADO MANUALMENTE EM PAREDES INTERNAS DE AMBIENTES COM ÁREA MAIOR QUE 10M², E = 10MM, COM TALISCAS. AF_03/2024 | K108: M2 | L108: 0 | M108: 743.93 | N108: 0 | O108: =M108*(L108*N108+L108) -> 0 | Q108: 87554 | R108: SINAPI | S108: EMBOÇO, PARA RECEBIMENTO DE CERÂMICA, EM ARGAMASSA TRAÇO 1:2:8, PREPAR O MANUAL, APLICADO MANUALMENTE EM FACES INTERNAS DE PAREDES, PARA AMBIENTE COM ÁREA MAIOR QUE 10M2, ESPESSURA DE 10MM, COM EXECUÇÃO DE TALISCAS. AF_06/2014 | T108: M2 | U108: 743.93 | V108: 21.18 | W108: 26.9 | X108: =U108*W108 -> 20011.717
B109: 87777 | C109: EMBOÇO OU MASSA ÚNICA EM ARGAMASSA TRAÇO 1:2:8, PREPARO MANUAL, APLICADA MANUALMENTE EM PANOS DE FACHADA COM PRESENÇA DE VÃOS, ESPESSURA DE 25 MM. AF_08/2022 | K109: M2 | L109: 0 | M109: 445.04 | N109: 0 | O109: =M109*(L109*N109+L109) -> 0 | Q109: 75481 | R109: SEINFRA | S109: Reboco de parede, com argamassa traço - 1:2:6 (cimento / cal / areia), espessura 2,0 cm (massa única) | T109: M2 | U109: 445.04 | V109: 14.92 | W109: 18.95 | X109: =U109*W109 -> 8433.508
...

Sheet CFF - FORNECEDOR
A10: CFF - CRONOGRAMA FISICO-FIANCEIRO | S10: CFF - CRONOGRAMA FISICO-FIANCEIRO
A11: CRONOGRAMA Base para Licitação | S11: CRONOGRAMA Base para Licitação
A13: AÇÃO / MODALIDADE | D13: OBJETO | M13: MUNICÍPIO / UF | S13: AÇÃO / MODALIDADE | X13: =D13 -> OBJETO | AH13: MUNICÍPIO / UF
A14: Projeto Padrão FNDE - Quadra coberta com vestiario (PAC 2 - 001/2013) | D14: Repactuação de obra inacabada - CONSTRUÇÃO DE QUADRA COBERTA COM VESTIARIOS - EMEB MARIA FERNANDA LOPES PIFFER | M14: BEBEDOURO SP | S14: Projeto Padrão FNDE - Quadra coberta com vestiario (PAC 2 - 001/2013) | X14: =D14 -> Repactuação de obra inacabada - CONSTRUÇÃO DE QUADRA COBERTA COM VESTIARIOS - EMEB MARIA FERNANDA LOPES PIFFER | AH14: BEBEDOURO SP
A16: PREPONENTE / TOMADOR | E16: LOCALIDADE / ENDEREÇO | S16: PREPONENTE / TOMADOR | Z16: LOCALIDADE / ENDEREÇO
A17: PREFEITURA MUNICIPAL DE BEBEDOURO SP | E17: RUA DANTE CASSANO, Nº 2736 - RESIDENCIAL ANTONIA SANTAELLA, CEP 14.711-351 | S17: PREFEITURA MUNICIPAL DE BEBEDOURO SP | Z17: RUA DANTE CASSANO, Nº 2736 - RESIDENCIAL ANTONIA SANTAELLA, CEP 14.711-351
D20: Á EXECUTAR | S20: Á EXECUTAR | AI20: TOTAL
A21: Código Atividade | B21: Descrição da Atividade | C21: Valor Orçado | D21: % | E21: Mês | F21: 1 | G21: % | H21: Mês | I21: =+F21+1 -> 2 | J21: % | K21: Mês | L21: =+I21+1 -> 3 | M21: % | N21: Mês | O21: =+L21+1 -> 4 | P21: % | Q21: Mês | R21: =+O21+1 -> 5 | S21: % | T21: Mês | U21: =+R21+1 -> 6 | V21: % | W21: Mês | X21: =+U21+1 -> 7 | Y21: % | Z21: Mês | AA21: =+X21+1 -> 8 | AB21: % | AC21: Mês | AD21: =+AA21+1 -> 9 | AE21: % | AF21: Mês | AG21: =+AD21+1 -> 10 | AH21: %
A22: ='PO - REFERENCIAL (2026)'!B286 -> 1.00 | B22: SERVIÇO PRELIMINARES | C22: ='PO - FORNECEDOR'!O282 -> 0 | D22: 0 | E22: =D22*C22 -> 0 | G22: 0 | H22: =G22*C22 -> 0 | J22: 0 | K22: =J22*C22 -> 0 | M22: 0 | N22: =M22*C22 -> 0 | P22: 0 | Q22: =P22*C22 -> 0 | S22: 0 | T22: =S22*C22 -> 0 | V22: 0 | W22: =V22*C22 -> 0 | Y22: 0 | Z22: =Y22*C22 -> 0 | AB22: 0 | AC22: =AB22*C22 -> 0 | AE22: 0 | AF22: =AE22*C22 -> 0 | AH22: =D22+G22+J22+M22+P22+S22+V22+Y22+AB22+AE22 -> 0 | AI22: =E22+H22+K22+N22+Q22+T22+W22+Z22+AC22+AF22 -> 0
A23: ='PO - REFERENCIAL (2026)'!B287 -> 2.00 | B23: MOVIMENTO DE TERRAS PARA FUNDAÇÃO | C23: ='PO - FORNECEDOR'!O283 -> 0 | D23: 0 | E23: =D23*C23 -> 0 | G23: 0 | H23: =G23*C23 -> 0 | J23: 0 | K23: =J23*C23 -> 0 | M23: 0 | N23: =M23*C23 -> 0 | P23: 0 | Q23: =P23*C23 -> 0 | S23: 0 | T23: =S23*C23 -> 0 | V23: 0 | W23: =V23*C23 -> 0 | Y23: 0 | Z23: =Y23*C23 -> 0 | AB23: 0 | AC23: =AB23*C23 -> 0 | AE23: 0 | AF23: =AE23*C23 -> 0 | AH23: =D23+G23+J23+M23+P23+S23+V23+Y23+AB23+AE23 -> 0 | AI23: =E23+H23+K23+N23+Q23+T23+W23+Z23+AC23+AF23 -> 0
A24: ='PO - REFERENCIAL (2026)'!B288 -> 3.00 | B24: FUNDÇÕES | C24: ='PO - FORNECEDOR'!O284 -> 0 | D24: 0 | E24: =D24*C24 -> 0 | G24: 0 | H24: =G24*C24 -> 0 | J24: 0 | K24: =J24*C24 -> 0 | M24: 0 | N24: =M24*C24 -> 0 | P24: 0 | Q24: =P24*C24 -> 0 | S24: 0 | T24: =S24*C24 -> 0 | V24: 0 | W24: =V24*C24 -> 0 | Y24: 0 | Z24: =Y24*C24 -> 0 | AB24: 0 | AC24: =AB24*C24 -> 0 | AE24: 0 | AF24: =AE24*C24 -> 0 | AH24: =D24+G24+J24+M24+P24+S24+V24+Y24+AB24+AE24 -> 0 | AI24: =E24+H24+K24+N24+Q24+T24+W24+Z24+AC24+AF24 -> 0
A25: ='PO - REFERENCIAL (2026)'!B289 -> 4.00 | B25: SUPERESTRUTURA | C25: ='PO - FORNECEDOR'!O285 -> 0 | D25: 0 | E25: =D25*C25 -> 0 | G25: 0 | H25: =G25*C25 -> 0 | J25: 0 | K25: =J25*C25 -> 0 | M25: 0 | N25: =M25*C25 -> 0 | P25: 0 | Q25: =P25*C25 -> 0 | S25: 0 | T25: =S25*C25 -> 0 | V25: 0 | W25: =V25*C25 -> 0 | Y25: 0 | Z25: =Y25*C25 -> 0 | AB25: 0 | AC25: =AB25*C25 -> 0 | AE25: 0 | AF25: =AE25*C25 -> 0 | AH25: =D25+G25+J25+M25+P25+S25+V25+Y25+AB25+AE25 -> 0 | AI25: =E25+H25+K25+N25+Q25+T25+W25+Z25+AC25+AF25 -> 0
A26: ='PO - REFERENCIAL (2026)'!B290 -> 5.00 | B26: SISTEMA DE VEDAÇÃO VERTICAL INTERNO E EXTERNO [PAREDES] | C26: ='PO - FORNECEDOR'!O286 -> 0 | D26: 0 | E26: =D26*C26 -> 0 | G26: 0 | H26: =G26*C26 -> 0 | J26: 0 | K26: =J26*C26 -> 0 | M26: 0 | N26: =M26*C26 -> 0 | P26: 0 | Q26: =P26*C26 -> 0 | S26: 0 | T26: =S26*C26 -> 0 | V26: 0 | W26: =V26*C26 -> 0 | Y26: 0 | Z26: =Y26*C26 -> 0 | AB26: 0 | AC26: =AB26*C26 -> 0 | AE26: 0 | AF26: =AE26*C26 -> 0 | AH26: =D26+G26+J26+M26+P26+S26+V26+Y26+AB26+AE26 -> 0 | AI26: =E26+H26+K26+N26+Q26+T26+W26+Z26+AC26+AF26 -> 0
A27: ='PO - REFERENCIAL (2026)'!B291 -> 6.00 | B27: ESQUADRIAS | C27: ='PO - FORNECEDOR'!O287 -> 0 | D27: 0 | E27: =D27*C27 -> 0 | G27: 0 | H27: =G27*C27 -> 0 | J27: 0 | K27: =J27*C27 -> 0 | M27: 0 | N27: =M27*C27 -> 0 | P27: 0 | Q27: =P27*C27 -> 0 | S27: 0 | T27: =S27*C27 -> 0 | V27: 0 | W27: =V27*C27 -> 0 | Y27: 0 | Z27: =Y27*C27 -> 0 | AB27: 0 | AC27: =AB27*C27 -> 0 | AE27: 0 | AF27: =AE27*C27 -> 0 | AH27: =D27+G27+J27+M27+P27+S27+V27+Y27+AB27+AE27 -> 0 | AI27: =E27+H27+K27+N27+Q27+T27+W27+Z27+AC27+AF27 -> 0
A28: ='PO - REFERENCIAL (2026)'!B292 -> 7.00 | B28: SISTEMA DE COBERTURA | C28: ='PO - FORNECEDOR'!O288 -> 0 | D28: 0 | E28: =D28*C28 -> 0 | G28: 0 | H28: =G28*C28 -> 0 | J28: 0 | K28: =J28*C28 -> 0 | M28: 0 | N28: =M28*C28 -> 0 | P28: 0 | Q28: =P28*C28 -> 0 | S28: 0 | T28: =S28*C28 -> 0 | V28: 0 | W28: =V28*C28 -> 0 | Y28: 0 | Z28: =Y28*C28 -> 0 | AB28: 0 | AC28: =AB28*C28 -> 0 | AE28: 0 | AF28: =AE28*C28 -> 0 | AH28: =D28+G28+J28+M28+P28+S28+V28+Y28+AB28+AE28 -> 0 | AI28: =E28+H28+K28+N28+Q28+T28+W28+Z28+AC28+AF28 -> 0
A29: ='PO - REFERENCIAL (2026)'!B293 -> 8.00 | B29: IMPERMEABILIZAÇÃO | C29: ='PO - FORNECEDOR'!O289 -> 0 | D29: 0 | E29: =D29*C29 -> 0 | G29: 0 | H29: =G29*C29 -> 0 | J29: 0 | K29: =J29*C29 -> 0 | M29: 0 | N29: =M29*C29 -> 0 | P29: 0 | Q29: =P29*C29 -> 0 | S29: 0 | T29: =S29*C29 -> 0 | V29: 0 | W29: =V29*C29 -> 0 | Y29: 0 | Z29: =Y29*C29 -> 0 | AB29: 0 | AC29: =AB29*C29 -> 0 | AE29: 0 | AF29: =AE29*C29 -> 0 | AH29: =D29+G29+J29+M29+P29+S29+V29+Y29+AB29+AE29 -> 0 | AI29: =E29+H29+K29+N29+Q29+T29+W29+Z29+AC29+AF29 -> 0
A30: ='PO - REFERENCIAL (2026)'!B294 -> 9.00 | B30: REVESTIMENTOS INTERNOS E EXTERNOS | C30: ='PO - FORNECEDOR'!O290 -> 0 | D30: 0 | E30: =D30*C30 -> 0 | G30: 0 | H30: =G30*C30 -> 0 | J30: 0 | K30: =J30*C30 -> 0 | M30: 0 | N30: =M30*C30 -> 0 | P30: 0 | Q30: =P30*C30 -> 0 | S30: 0 | T30: =S30*C30 -> 0 | V30: 0 | W30: =V30*C30 -> 0 | Y30: 0 | Z30: =Y30*C30 -> 0 | AB30: 0 | AC30: =AB30*C30 -> 0 | AE30: 0 | AF30: =AE30*C30 -> 0 | AH30: =D30+G30+J30+M30+P30+S30+V30+Y30+AB30+AE30 -> 0 | AI30: =E30+H30+K30+N30+Q30+T30+W30+Z30+AC30+AF30 -> 0
A31: ='PO - REFERENCIAL (2026)'!B295 -> 10.0 | B31: SISTEMAS DE PISOS INTERNOS E EXTERNOS [PAVIMENTAÇÃO] | C31: ='PO - FORNECEDOR'!O291 -> 0 | D31: 0 | E31: =D31*C31 -> 0 | G31: 0 | H31: =G31*C31 -> 0 | J31: 0 | K31: =J31*C31 -> 0 | M31: 0 | N31: =M31*C31 -> 0 | P31: 0 | Q31: =P31*C31 -> 0 | S31: 0 | T31: =S31*C31 -> 0 | V31: 0 | W31: =V31*C31 -> 0 | Y31: 0 | Z31: =Y31*C31 -> 0 | AB31: 0 | AC31: =AB31*C31 -> 0 | AE31: 0 | AF31: =AE31*C31 -> 0 | AH31: =D31+G31+J31+M31+P31+S31+V31+Y31+AB31+AE31 -> 0 | AI31: =E31+H31+K31+N31+Q31+T31+W31+Z31+AC31+AF31 -> 0
A32: ='PO - REFERENCIAL (2026)'!B296 -> 11.0 | B32: PINTURA | C32: ='PO - FORNECEDOR'!O292 -> 0 | D32: 0 | E32: =D32*C32 -> 0 | G32: 0 | H32: =G32*C32 -> 0 | J32: 0 | K32: =J32*C32 -> 0 | M32: 0 | N32: =M32*C32 -> 0 | P32: 0 | Q32: =P32*C32 -> 0 | S32: 0 | T32: =S32*C32 -> 0 | V32: 0 | W32: =V32*C32 -> 0 | Y32: 0 | Z32: =Y32*C32 -> 0 | AB32: 0 | AC32: =AB32*C32 -> 0 | AE32: 0 | AF32: =AE32*C32 -> 0 | AH32: =D32+G32+J32+M32+P32+S32+V32+Y32+AB32+AE32 -> 0 | AI32: =E32+H32+K32+N32+Q32+T32+W32+Z32+AC32+AF32 -> 0
A33: ='PO - REFERENCIAL (2026)'!B297 -> 12.0 | B33: INSTALAÇÕES HIDRAULICAS | C33: ='PO - FORNECEDOR'!O293 -> 0 | D33: 0 | E33: =D33*C33 -> 0 | G33: 0 | H33: =G33*C33 -> 0 | J33: 0 | K33: =J33*C33 -> 0 | M33: 0 | N33: =M33*C33 -> 0 | P33: 0 | Q33: =P33*C33 -> 0 | S33: 0 | T33: =S33*C33 -> 0 | V33: 0 | W33: =V33*C33 -> 0 | Y33: 0 | Z33: =Y33*C33 -> 0 | AB33: 0 | AC33: =AB33*C33 -> 0 | AE33: 0 | AF33: =AE33*C33 -> 0 | AH33: =D33+G33+J33+M33+P33+S33+V33+Y33+AB33+AE33 -> 0 | AI33: =E33+H33+K33+N33+Q33+T33+W33+Z33+AC33+AF33 -> 0
... A41: ='PO - REFERENCIAL (2026)'!B305 -> 20.0 | B41: SERVIÇOS FINAIS | C41: ='PO - FORNECEDOR'!O301 -> 0 | D41: 0 | E41: =D41*C41 -> 0 | G41: 0 | H41: =G41*C41 -> 0 | J41: 0 | K41: =J41*C41 -> 0 | M41: 0 | N41: =M41*C41 -> 0 | P41: 0 | Q41: =P41*C41 -> 0 | S41: 0 | T41: =S41*C41 -> 0 | V41: 0 | W41: =V41*C41 -> 0 | Y41: 0 | Z41: =Y41*C41 -> 0 | AB41: 0 | AC41: =AB41*C41 -> 0 | AE41: 0 | AF41: =AE41*C41 -> 0 | AH41: =D41+G41+J41+M41+P41+S41+V41+Y41+AB41+AE41 -> 0 | AI41: =E41+H41+K41+N41+Q41+T41+W41+Z41+AC41+AF41 -> 0
A42: VALOR TOTAL DO ORÇAMENTO: | C42: =SUM(C22:C41) -> 0 | D42: =E42*100%/C42 -> #DIV/0! | E42: =SUM(E22:F41) -> 0 | G42: =H42*100%/C42 -> #DIV/0! | H42: =SUM(H22:I41) -> 0 | J42: =K42*100%/C42 -> #DIV/0! | K42: =SUM(K22:L41) -> 0 | M42: =N42*100%/C42 -> #DIV/0! | N42: =SUM(N22:O41) -> 0 | P42: =Q42*100%/C42 -> #DIV/0! | Q42: =SUM(Q22:R41) -> 0 | S42: =T42*100%/C42 -> #DIV/0! | T42: =SUM(T22:U41) -> 0 | V42: =W42*100%/C42 -> #DIV/0! | W42: =SUM(W22:X41) -> 0 | Y42: =Z42*100%/C42 -> #DIV/0! | Z42: =SUM(Z22:AA41) -> 0 | AB42: =AC42*100%/C42 -> #DIV/0! | AC42: =SUM(AC22:AD41) -> 0 | AE42: =AF42*100%/C42 -> #DIV/0! | AF42: =SUM(AF22:AG41) -> 0 | AH42: =D42+G42+J42+M42+P42+S42+V42+Y42+AB42+AE42 -> #DIV/0! | AI42: =E42+H42+K42+N42+Q42+T42+W42+Z42+AC42+AF42 -> 0
G43: =G42+D42 -> #DIV/0! | H43: =H42+E42 -> 0 | J43: =J42+G43 -> #DIV/0! | K43: =K42+H43 -> 0 | M43: =M42+J43 -> #DIV/0! | N43: =N42+K43 -> 0 | P43: =P42+M43 -> #DIV/0! | Q43: =Q42+N43 -> 0 | S43: =S42+P43 -> #DIV/0! | T43: =T42+Q43 -> 0 | V43: =V42+S43 -> #DIV/0! | W43: =W42+T43 -> 0 | Y43: =Y42+V43 -> #DIV/0! | Z43: =Z42+W43 -> 0 | AB43: =AB42+Y43 -> #DIV/0! | AC43: =AC42+Z43 -> 0 | AE43: =AE42+AB43 -> #DIV/0! | AF43: =AF42+AC43 -> 0
